Workbook

Sheet Méthode F
A2: PARTIE FINANCIERE
B5: Récapitulatif :
B7: Objectif | C7: Variable d'action | D7: Indicateur
A8: 1 | B8: Assurer une survie à court et long terme | C8: Être liquide et solvable | D8: Position de trésorerie nette
A9: 2 | C9: Être rentable | D9: Marge nette
A10: 3 | B10: Réinvestir dans le projet | C10: Générer des liquidités | D10: Flux de trésorerie (cash flows)
A11: 4 | D11: Bénéfice reporté
A12: 5 | B12: Adopter une politique du prix juste | C12: Proposer un prix accessible pour les consommateurs, tout en rémunérant décemment des producteurs | D12: Marge brute moyenne par type de produit + totale
A13: 6 | B13: Optimiser la gestion des stocks | C13: Connaitre le rythme des ventes par type de produit | D13: Quantités vendues/type de produit
A14: 7 | C14: Connaitre le taux de rotation des stocks | D14: Taux de rotation des stocks
A15: 8 | C15: Connaitre la durée moyenne de stockage | D15: Durée moyenne de stockage
B18: Méthode utilisée:
B20: Toutes les informations de référence pour les prévisions proviennent du plan financier au 15 juin 2016
B21: Toutes les formules utilisées sont à chaque fois explicitées dans les onglets concernés
B22: Ce qui suit est un détail de la provenance des informations utilisées dans le tableau de bord
B23: Si une information n'est pas reprise ci-dessous, cela signifique que la formule utilisée est visible dans la cellule ou que l'information est détaillée avant
B24: Les cellules en fond orange clair devront contenir les valeurs réelles observées
A26: 1 | B26: Position de trésorerie nette: | C26: Onglet "bilan" du plan financier
B28: FRN = actifs circulants - dettes CT
B29: Les valeurs trouvées pour les actifs circulants viennent de la rubrique du même nom
B30: Les valeurs trouvées pour les dettes court terme viennent de la rubrique "autres dettes"
B32: BFR = BFR exploitation + BFR divers
B33: BFR exploitation:
B34: Les valeurs trouvées pour les stocks viennent de la sous-rubrique "stocks" de la rubrique "actifs circulants"
B35: Les valeurs trouvées pour les créances commerciales viennent de la sous-rubrique du même nom de la rubrique "actifs circulants"
B36: Les valeurs trouvées pour les dettes commerciales viennent de la sous-rubrique du même nom de la rubrique "autres dettes"
B38: BFR divers:
B39: Les valeurs pour les autres créances viennent de la sous-rubrique "compte courant TVA" de la rubrique "actifs circulants"
B40: Les valeurs pour les autres dettes court terme viennent de la sous-rubrique "compte courant TVA" de la rubrique "autres dettes"
A42: 2 | B42: Marge nette: | C42: Onglet "résultats" du plan financier
B44: Résultat d'exploitation = produits d'exploitation - charges d'exploitation
B45: Produits d'exploitation:
B46: Les valeurs trouvées pour le chiffre d'affaires viennent des sous-rubriques "produits alimentaires", "boissons" et "produits non alimentaires" de la rubrique "chiffre d'affaires"
B47: Les valeurs trouvées pour les autres produits d'exploitation viennent de la sous-rubrique du même nom de la rubrique "chiffre d'affaires"
B49: Charges d'exploitation:
B50: Les valeurs trouvées pour le coût des ventes viennent de la rubrique du même nom
B51: Les valeurs trouvées pour les services et biens divers viennent des comptes 61 de la rubrique "frais généraux"
B52: Les valeurs trouvées pour les rémunérations viennent des comptes 62 de la rubrique "frais généraux" et de la rubrique "rémunérations"
B53: Les valeurs trouvées pour les amortissements viennent de la rubrique "amortissements"
B54: Les valeurs trouvées pour les autres charges d'exploitation viennent des comptes 64 de la rubrique "frais généraux"
B56: Résultat financier = produits financiers - charges financières
B57: Les valeurs trouvées pour les charges financières viennent des trois sous-rubriques de charges financières
... B62: Les valeurs trouvées pour l'impôt viennent de la rubrique "impôts sur le résultat"
A64: 3 | B64: Cash flows | C64: Onglet "cash flow" du plan financier
B66: Variation dettes long terme:
B67: Les valeurs trouvées pour les dettes de long terme viennent de la rubrique "cash flow financier" où j'ai fait (emprunt 1 + emprunt 2 (financement)) - (emprunt 1 + emprunt 2 (remboursement))
B69: CF investissement:
B70: Les valeurs trouvées pour les acquisitions viennent de la rubrique "investissements"
A72: 4 | B72: Bénéfice reporté | C72: Onglet "résultats" du plan financier
B74: Les valeurs trouvées pour le résultat reporté viennent de la rubrique "résultat après impôts"
A76: 5 | B76: Marge brute | C76: Onglet "détails ventes" du plan financier
B78: Les valeurs trouvées pour la marge brute moyenne viennent de la colonne "marges"
B79: Pour les années 2019 et 2020, nous avons considéré que les marges brutes restaient constantes par rapport à celles de 2018
A81: 6 | B81: Quantités vendues/produit | C81: Onglet "résultats" du plan financier
B83: Chiffre d'affaires total:
B84: Les valeurs trouvées pour les produits alimentaires, les boissons et les produits non alimentaires viennent de la rubrique "chiffre d'affaires"
C86: Onglet "détails ventes" du plan financier
B88: Chiffre d'affaires/produit:
B89: Les valeurs trouvées pour les proportions (en %) des types de produits viennent de la colonne "produits/services"
B91: Prix de vente/produit:
B92: Les valeurs trouvées pour les prix de vente des différents types de produits viennent de la colonne "PU ventes htva"
A94: 7 | B94: Taux de rotation des stocks | C94: Onglet "résultats" du plan financier
B96: Les valeurs trouvées pour le chiffre d'affaires des trois catégories de produits viennent des trois premières sous-rubriques de la rubrique "Chiffre d'affaires"
C98: Onglet "données de base" du plan financier
B100: Les valeurs trouvées pour les valeurs d'achat des stocks viennent de la sous-rubrique "Stock minimum (en valeur d'achat)" de la rubrique "Stocks et délais de paiement"
C102: Onglet "détails ventes" du plan financier
B104: Les valeurs trouvées pour les marges brutes moyennes viennent de la colonne "marges"
B105: La moyenne des marges brutes a été faite pour chacune des trois catégories de produits
A107: 8 | B107: Durée moyenne de stockage | C107: /

Sheet Vue d'ensemble F
A2: PARTIE FINANCIERE
F8: =TODAY() -> 42563
D11: Tableau de bord - Partie financière

Sheet 1+2 F
A2: PARTIE FINANCIERE
B7: Objectif | C7: Variable d'action | D7: Indicateur
A8: 1 | B8: Assurer une survie à court et long terme | C8: Être liquide et solvable | D8: Position de trésorerie nette
A9: 2 | C9: Être rentable | D9: Marge nette
A12: 1. Position de trésorerie nette
A14: Formules
B16: PTN = FRN - BFR
B18: FRN = actifs circulants - dettes CT
B20: BFR = BFR exploitation + BFR divers
B21: BFR exploitation = stocks et commandes en cours d'exécution + créances commerciales - dettes commerciales
B22: BFR divers = autres créances + compte de régularisation actif - dettes à plus d'un an échéant dans l'année -
B23: autres dettes à court terme - compte de régularisation passif
A25: Calculs - Prévisions
B27: FRN
C28: 2016 | D28: 2017 | E28: 2018 | F28: 2019 | G28: 2020
B29: Actifs circulants | C29: 84098 | D29: 157699 | E29: 268038 | F29: 355886 | G29: 406989
B30: Dettes CT | C30: 63252 | D30: 130831 | E30: 193590 | F30: 220790 | G30: 230754
B31: FRN | C31: =C29-C30 -> 20846 | D31: =D29-D30 -> 26868 | E31: =E29-E30 -> 74448 | F31: =F29-F30 -> 135096 | G31: =G29-G30 -> 176235
B34: BFR exploitation
C35: 2016 | D35: 2017 | E35: 2018 | F35: 2019 | G35: 2020
B36: Stocks | C36: 50960 | D36: 64634 | E36: 100300 | F36: 116099 | G36: 122467
B37: Créances commerciales | C37: 0 | D37: 0 | E37: 0 | F37: 0 | G37: 0
B38: Dettes commerciales | C38: 63252 | D38: 130831 | E38: 189921 | F38: 215265 | G38: 224972
B39: BFR exploitation | C39: =C36+C37-C38 -> -12292 | D39: =D36+D37-D38 -> -66197 | E39: =E36+E37-E38 -> -89621 | F39: =F36+F37-F38 -> -99166 | G39: =G36+G37-G38 -> -102505
B42: BFR divers
C43: 2016 | D43: 2017 | E43: 2018 | F43: 2019 | G43: 2020
B44: Autres créances (TVA) | C44: 7101 | D44: 106 | E44: 0 | F44: 0 | G44: 0
B45: Régul. actif | C45: 0 | D45: 0 | E45: 0 | F45: 0 | G45: 0
B46: Dettes LT échéant dans l'année | C46: 0 | D46: 0 | E46: 0 | F46: 0 | G46: 0
B47: Autres dettes CT (TVA) | C47: 0 | D47: 0 | E47: 3669 | F47: 5525 | G47: 5782
B48: Régul. passif | C48: 0 | D48: 0 | E48: 0 | F48: 0 | G48: 0
B49: BFR divers | C49: =C44+C45-C46-C47-C48 -> 7101 | D49: =D44+D45-D46-D47-D48 -> 106 | E49: =E44+E45-E46-E47-E48 -> -3669 | F49: =F44+F45-F46-F47-F48 -> -5525 | G49: =G44+G45-G46-G47-G48 -> -5782
B52: BFR total
C53: 2016 | D53: 2017 | E53: 2018 | F53: 2019 | G53: 2020
B54: BFR | C54: =C39+C49 -> -5191 | D54: =D39+D49 -> -66091 | E54: =E39+E49 -> -93290 | F54: =F39+F49 -> -104691 | G54: =G39+G49 -> -108287
B57: PTN
C58: 2016 | D58: 2017 | E58: 2018 | F58: 2019 | G58: 2020
B59: PTN | C59: =C31-C54 -> 26037 | D59: =D31-D54 -> 92959 | E59: =E31-E54 -> 167738 | F59: =F31-F54 -> 239787 | G59: =G31-G54 -> 284522
A78: Calculs - Réel
B80: FRN
C81: 2016 | D81: 2017 | E81: 2018 | F81: 2019 | G81: 2020
B82: Actifs circulants | C82: 84000 | D82: 157000 | E82: 268000 | F82: 355000 | G82: 406000
B83: Dettes CT | C83: 63000 | D83: 130000 | E83: 193000 | F83: 220000 | G83: 230000
B84: FRN | C84: =C$82-C$83 -> 21000 | D84: =D$82-D$83 -> 27000 | E84: =E$82-E$83 -> 75000 | F84: =F$82-F$83 -> 135000 | G84: =G$82-G$83 -> 176000
B87: BFR exploitation
C88: 2016 | D88: 2017 | E88: 2018 | F88: 2019 | G88: 2020
B89: Stocks | C89: 50000 | D89: 64000 | E89: 100000 | F89: 116000 | G89: 122000
B90: Créances commerciales | C90: 0 | D90: 0 | E90: 0 | F90: 0 | G90: 0
B91: Dettes commerciales | C91: 63000 | D91: 130000 | E91: 189000 | F91: 215000 | G91: 224000
B92: BFR exploitation | C92: =C$89+C$90-C$91 -> -13000 | D92: =D$89+D$90-D$91 -> -66000 | E92: =E$89+E$90-E$91 -> -89000 | F92: =F$89+F$90-F$91 -> -99000 | G92: =G$89+G$90-G$91 -> -102000
B95: BFR divers
C96: 2016 | D96: 2017 | E96: 2018 | F96: 2019 | G96: 2020
B97: Autres créances (TVA) | C97: 7000 | D97: 106 | E97: 0 | F97: 0 | G97: 0
B98: Régul. actif | C98: 0 | D98: 0 | E98: 0 | F98: 0 | G98: 0
B99: Dettes LT échéant dans l'année | C99: 0 | D99: 0 | E99: 0 | F99: 0 | G99: 0
B100: Autres dettes CT (TVA) | C100: 0 | D100: 0 | E100: 3000 | F100: 5000 | G100: 6000
B101: Régul. passif | C101: 0 | D101: 0 | E101: 0 | F101: 0 | G101: 0
B102: BFR divers | C102: =C$97+C$98-C$99-C$100-C$101 -> 7000 | D102: =D$97+D$98-D$99-D$100-D$101 -> 106 | E102: =E$97+E$98-E$99-E$100-E$101 -> -3000 | F102: =F$97+F$98-F$99-F$100-F$101 -> -5000 | G102: =G$97+G$98-G$99-G$100-G$101 -> -6000
B105: BFR total
C106: 2016 | D106: 2017 | E106: 2018 | F106: 2019 | G106: 2020
B107: BFR | C107: =C$92+C$102 -> -6000 | D107: =D$92+D$102 -> -65894 | E107: =E$92+E$102 -> -92000 | F107: =F$92+F$102 -> -104000 | G107: =G$92+G$102 -> -108000
B110: PTN
C111: 2016 | D111: 2017 | E111: 2018 | F111: 2019 | G111: 2020
B112: PTN | C112: =C$84-C$107 -> 27000 | D112: =D$84-D$107 -> 92894 | E112: =E$84-E$107 -> 167000 | F112: =F$84-F$107 -> 239000 | G112: =G$84-G$107 -> 284000
A128: Comparaison prévisions - réel
B130: PTN - Comparaison
C131: 2016 | D131: 2017 | E131: 2018 | F131: 2019 | G131: 2020
B132: Prévisions | C132: =C$59 -> 26037 | D132: =D$59 -> 92959 | E132: =E$59 -> 167738 | F132: =F$59 -> 239787 | G132: =G$59 -> 284522
B133: Réel | C133: =C$112 -> 27000 | D133: =D$112 -> 92894 | E133: =E$112 -> 167000 | F133: =F$112 -> 239000 | G133: =G$112 -> 284000
B134: Différence (€) | C134: =C$133-C$132 -> 963 | D134: =D$133-D$132 -> -65 | E134: =E$133-E$132 -> -738 | F134: =F$133-F$132 -> -787 | G134: =G$133-G$132 -> -522
A155: 2. Marge nette
A157: Formules
B159: Marge nette = résultat net/CA
B161: Résultat net = (résultat d'exploitation + résultat financier + résultat exceptionnel) - impôt
B162: Résultat d'exploitation = produits d'exploitation - charges d'exploitation
B163: Résultat financier = produits financiers - charges financières
B164: Résultat exceptionnel = produits exceptionnels - charges exceptionnelles
B166: CA = total des ventes (prix*quantités)
A168: Calculs - Prévisions
B170: Résultat d'exploitation
C171: 2016 | D171: 2017 | E171: 2018 | F171: 2019 | G171: 2020
B172: Chiffre d'affaires | C172: 282219 | D172: 1144333 | E172: 1906512 | F172: 2525479 | G172: 2776632
B173: Autres produits d'exploitation | C173: 0 | D173: 25000 | E173: 5000 | F173: 0 | G173: 0
B174: Total produits d'exploitation | C174: =SUM(C172:C173) -> 282219 | D174: =SUM(D172:D173) -> 1169333 | E174: =SUM(E172:E173) -> 1911512 | F174: =SUM(F172:F173) -> 2525479 | G174: =SUM(G172:G173) -> 2776632
B175: Coût des ventes | C175: 231423 | D175: 914496 | E175: 1538201 | F175: 2058265 | G175: 2290721
B176: Services et biens divers (61) | C176: 26497 | D176: 63021 | E176: 64545 | F176: 70495 | G176: 83030
B177: Rémunérations (62) | C177: 12970 | D177: 100794 | E177: 179636 | F177: 272015 | G177: 280165
B178: Amortissements (63) | C178: 19161 | D178: 47261 | E178: 52730 | F178: 52730 | G178: 52730
B179: Autres charges d'exploitation (64) | C179: 591 | D179: 2097 | E179: 2097 | F179: 1089 | G179: 1111
B180: Total charges d'exploitation | C180: =SUM(C175:C179) -> 290642 | D180: =SUM(D175:D179) -> 1127669 | E180: =SUM(E175:E179) -> 1837209 | F180: =SUM(F175:F179) -> 2454594 | G180: =SUM(G175:G179) -> 2707757
B181: Résultat d'exploitation | C181: =C174-C180 -> -8423 | D181: =D174-D180 -> 41664 | E181: =E174-E180 -> 74303 | F181: =F174-F180 -> 70885 | G181: =G174-G180 -> 68875
B184: Résultat financier
C185: 2016 | D185: 2017 | E185: 2018 | F185: 2019 | G185: 2020
B186: Produits financiers | C186: 0 | D186: 0 | E186: 0 | F186: 0 | G186: 0
B187: Charges financières | C187: 3206 | D187: 6345 | E187: 4938 | F187: 4024 | G187: 3077
B188: Résultat financier | C188: =C186-C187 -> -3206 | D188: =D186-D187 -> -6345 | E188: =E186-E187 -> -4938 | F188: =F186-F187 -> -4024 | G188: =G186-G187 -> -3077
B191: Résultat exceptionnel
C192: 2016 | D192: 2017 | E192: 2018 | F192: 2019 | G192: 2020
B193: Produits exceptionnels | C193: 0 | D193: 0 | E193: 0 | F193: 0 | G193: 0
B194: Charges exceptionnelles (66) | C194: 11993 | D194: 51495 | E194: 53382 | F194: 53035 | G194: 55533
...

Sheet 3+4 F
A2: PARTIE FINANCIERE
B7: Objectif | C7: Variable d'action | D7: Indicateur
A8: 3 | B8: Réinvestir dans le projet | C8: Générer des liquidités | D8: Flux de trésorerie (cash flows)
A9: 4 | D9: Bénéfice reporté
A12: 3. Cash flows
A14: Formules
B16: Variation de trésorerie = CF opérationnel + CF financier - CF investissement
B18: CF opérationnel = résultat net + dotations aux amortissements, provisions, réductions de valeur - variation BFR
B20: CF financier = émissions d'actions + variation dettes LT + variation dettes CT financières - rachats
B22: CF investissement = acquisitions - cessions actifs immobilisés
A24: Calculs - Prévisions
B26: Variation BFR
C27: 2016 | D27: 2017 | E27: 2018 | F27: 2019 | G27: 2020
B28: BFR | C28: ='1+2 F'!C54 -> -5191 | D28: ='1+2 F'!D54 -> -66091 | E28: ='1+2 F'!E54 -> -93290 | F28: ='1+2 F'!F54 -> -104691 | G28: ='1+2 F'!G54 -> -108287
B29: Variation BFR | C29: =C28 -> -5191 | D29: =D28-C28 -> -60900 | E29: =E28-D28 -> -27199 | F29: =F28-E28 -> -11401 | G29: =G28-F28 -> -3596
B32: CF opérationnel
C33: 2016 | D33: 2017 | E33: 2018 | F33: 2019 | G33: 2020
B34: Résultat net | C34: ='1+2 F'!C205 -> -23622 | D34: ='1+2 F'!D205 -> -16176 | E34: ='1+2 F'!E205 -> 15983 | F34: ='1+2 F'!F205 -> 13826 | G34: ='1+2 F'!G205 -> 10265
B35: Amo., prov., réd. valeur | C35: ='1+2 F'!C178 -> 19161 | D35: ='1+2 F'!D178 -> 47261 | E35: ='1+2 F'!E178 -> 52730 | F35: ='1+2 F'!F178 -> 52730 | G35: ='1+2 F'!G178 -> 52730
B36: Variation BFR | C36: =C29 -> -5191 | D36: =D29 -> -60900 | E36: =E29 -> -27199 | F36: =F29 -> -11401 | G36: =G29 -> -3596
B37: CF opérationnel | C37: =C34+C35-C36 -> 730 | D37: =D34+D35-D36 -> 91985 | E37: =E34+E35-E36 -> 95912 | F37: =F34+F35-F36 -> 77957 | G37: =G34+G35-G36 -> 66591
B40: Variation dettes LT
C41: 2016 | D41: 2017 | E41: 2018 | F41: 2019 | G41: 2020
B42: Dettes LT | C42: 172675 | D42: 154612 | E42: 128619 | F42: 101711 | G42: 73856
B43: Variation dettes LT | C43: =C42 -> 172675 | D43: =D42-C42 -> -18063 | E43: =E42-D42 -> -25993 | F43: =F42-E42 -> -26908 | G43: =G42-F42 -> -27855
B46: Variation dettes CT fin.
C47: 2016 | D47: 2017 | E47: 2018 | F47: 2019 | G47: 2020
B48: Dettes CT fin. | C48: 0 | D48: 0 | E48: 0 | F48: 0 | G48: 0
B49: Variation dettes CT fin. | C49: =C48 -> 0 | D49: =D48-C48 -> 0 | E49: =E48-D48 -> 0 | F49: =F48-E48 -> 0 | G49: =G48-F48 -> 0
B52: CF financier
C53: 2016 | D53: 2017 | E53: 2018 | F53: 2019 | G53: 2020
B54: Emissions | C54: 101000 | D54: 50000 | E54: 35000 | F54: 21000 | G54: 6000
B55: Variation dettes LT | C55: =C43 -> 172675 | D55: =D43 -> -18063 | E55: =E43 -> -25993 | F55: =F43 -> -26908 | G55: =G43 -> -27855
B56: Variation dettes CT fin. | C56: =C49 -> 0 | D56: =D49 -> 0 | E56: =E49 -> 0 | F56: =F49 -> 0 | G56: =G49 -> 0
B57: Rachats | C57: 0 | D57: 0 | E57: 0 | F57: 0 | G57: 0
B58: CF financier | C58: =C54+C55+C56-C57 -> 273675 | D58: =D54+D55+D56-D57 -> 31937 | E58: =E54+E55+E56-E57 -> 9007 | F58: =F54+F55+F56-F57 -> -5908 | G58: =G54+G55+G56-G57 -> -21855
B61: CF investissement
C62: 2016 | D62: 2017 | E62: 2018 | F62: 2019 | G62: 2020
B63: Acquisitions | C63: 248367 | D63: 57000 | E63: 30139 | F63: 0 | G63: 0
B64: Cessions | C64: 0 | D64: 0 | E64: 0 | F64: 0 | G64: 0
B65: CF investissement | C65: =C63-C64 -> 248367 | D65: =D63-D64 -> 57000 | E65: =E63-E64 -> 30139 | F65: =F63-F64 -> 0 | G65: =G63-G64 -> 0
B68: Variation trésorerie
C69: 2016 | D69: 2017 | E69: 2018 | F69: 2019 | G69: 2020
B70: Variation trésorerie | C70: =C37+C58-C65 -> 26038 | D70: =D37+D58-D65 -> 66922 | E70: =E37+E58-E65 -> 74780 | F70: =F37+F58-F65 -> 72049 | G70: =G37+G58-G65 -> 44736
B73: Trésorerie
C74: 2016 | D74: 2017 | E74: 2018 | F74: 2019 | G74: 2020
B75: Trésorerie disponible | C75: =C70 -> 26038 | D75: =C75+D70 -> 92960 | E75: =D75+E70 -> 167740 | F75: =E75+F70 -> 239789 | G75: =F75+G70 -> 284525
A92: Calculs - Réel
B94: Variation BFR
C95: 2016 | D95: 2017 | E95: 2018 | F95: 2019 | G95: 2020
B96: BFR | C96: ='1+2 F'!C$107 -> -6000 | D96: ='1+2 F'!D$107 -> -65894 | E96: ='1+2 F'!E$107 -> -92000 | F96: ='1+2 F'!F$107 -> -104000 | G96: ='1+2 F'!G$107 -> -108000
B97: Variation BFR | C97: =C96 -> -6000 | D97: =D96-C96 -> -59894 | E97: =E96-D96 -> -26106 | F97: =F96-E96 -> -12000 | G97: =G96-F96 -> -4000
B100: CF opérationnel
C101: 2016 | D101: 2017 | E101: 2018 | F101: 2019 | G101: 2020
B102: Résultat net | C102: ='1+2 F'!C$255 -> -102500 | D102: ='1+2 F'!D$255 -> -158000 | E102: ='1+2 F'!E$255 -> -387000 | F102: ='1+2 F'!F$255 -> -510000 | G102: ='1+2 F'!G$255 -> -264000
B103: Amo., prov., réd. valeur | C103: ='1+2 F'!C$228 -> 19000 | D103: ='1+2 F'!D$228 -> 47000 | E103: ='1+2 F'!E$228 -> 52000 | F103: ='1+2 F'!F$228 -> 52000 | G103: ='1+2 F'!G$228 -> 52000
B104: Variation BFR | C104: =C$97 -> -6000 | D104: =D$97 -> -59894 | E104: =E$97 -> -26106 | F104: =F$97 -> -12000 | G104: =G$97 -> -4000
B105: CF opérationnel | C105: =C$102+C$103-C$104 -> -77500 | D105: =D$102+D$103-D$104 -> -51106 | E105: =E$102+E$103-E$104 -> -308894 | F105: =F$102+F$103-F$104 -> -446000 | G105: =G$102+G$103-G$104 -> -208000
B108: Variation dettes LT
C109: 2016 | D109: 2017 | E109: 2018 | F109: 2019 | G109: 2020
B110: Dettes LT | C110: 172000 | D110: 154000 | E110: 128000 | F110: 101000 | G110: 73000
B111: Variation dettes LT | C111: =C110 -> 172000 | D111: =D110-C110 -> -18000 | E111: =E110-D110 -> -26000 | F111: =F110-E110 -> -27000 | G111: =G110-F110 -> -28000
B114: Variation dettes CT fin.
C115: 2016 | D115: 2017 | E115: 2018 | F115: 2019 | G115: 2020
B116: Dettes CT fin. | C116: 0 | D116: 0 | E116: 0 | F116: 0 | G116: 0
B117: Variation dettes CT fin. | C117: =C116 -> 0 | D117: =D116-C116 -> 0 | E117: =E116-D116 -> 0 | F117: =F116-E116 -> 0 | G117: =G116-F116 -> 0
B120: CF financier
C121: 2016 | D121: 2017 | E121: 2018 | F121: 2019 | G121: 2020
B122: Emissions | C122: 101000 | D122: 50000 | E122: 35000 | F122: 21000 | G122: 6000
B123: Variation dettes LT | C123: =C111 -> 172000 | D123: =D111 -> -18000 | E123: =E111 -> -26000 | F123: =F111 -> -27000 | G123: =G111 -> -28000
B124: Variation dettes CT fin. | C124: =C117 -> 0 | D124: =D117 -> 0 | E124: =E117 -> 0 | F124: =F116 -> 0 | G124: =G117 -> 0
B125: Rachats | C125: 0 | D125: 0 | E125: 0 | F125: 0 | G125: 0
B126: CF financier | C126: =C$122+C$123+C$124-C$125 -> 273000 | D126: =D$122+D$123+D$124-D$125 -> 32000 | E126: =E$122+E$123+E$124-E$125 -> 9000 | F126: =F$122+F$123+F$124-F$125 -> -6000 | G126: =G$122+G$123+G$124-G$125 -> -22000
B129: CF investissement
C130: 2016 | D130: 2017 | E130: 2018 | F130: 2019 | G130: 2020
B131: Acquisitions | C131: 248000 | D131: 57000 | E131: 30000 | F131: 0 | G131: 0
B132: Cessions | C132: 0 | D132: 0 | E132: 0 | F132: 0 | G132: 0
B133: CF investissement | C133: =C$131-C$132 -> 248000 | D133: =D$131-D$132 -> 57000 | E133: =E$131-E$132 -> 30000 | F133: =F$131-F$132 -> 0 | G133: =G$131-G$132 -> 0
B136: Variation trésorerie
C137: 2016 | D137: 2017 | E137: 2018 | F137: 2019 | G137: 2020
B138: Variation trésorerie | C138: =C$105+C$126-C$133 -> -52500 | D138: =D$105+D$126-D$133 -> -76106 | E138: =E$105+E$126-E$133 -> -329894 | F138: =F$105+F$126-F$133 -> -452000 | G138: =G$105+G$126-G$133 -> -230000
B141: Trésorerie
C142: 2016 | D142: 2017 | E142: 2018 | F142: 2019 | G142: 2020
B143: Trésorerie disponible | C143: =C138 -> -52500 | D143: =C143+D138 -> -128606 | E143: =D143+E138 -> -458500 | F143: =E143+F138 -> -910500 | G143: =F143+G138 -> -1140500
A160: Comparaison prévisions - réel
B162: Trésorerie disponible - Comparaison
C163: 2016 | D163: 2017 | E163: 2018 | F163: 2019 | G163: 2020
B164: Prévisions | C164: =C$75 -> 26038 | D164: =D$75 -> 92960 | E164: =E$75 -> 167740 | F164: =F$75 -> 239789 | G164: =G$75 -> 284525
B165: Réel | C165: =C$143 -> -52500 | D165: =D$143 -> -128606 | E165: =E$143 -> -458500 | F165: =F$143 -> -910500 | G165: =G$143 -> -1140500
B166: Différence (€) | C166: =C$165-C$164 -> -78538 | D166: =D$165-D$164 -> -221566 | E166: =E$165-E$164 -> -626240 | F166: =F$165-F$164 -> -1150289 | G166: =G$165-G$164 -> -1425025
A186: 4. Bénéfice (ou perte) reporté
A188: Formules
B190: Pas de formule nécessaire, l'information se retrouve dans la rubrique "Résultat reporté" du bilan
A192: Calculs - Prévisions
B194: Résultat reporté
C195: 2016 | D195: 2017 | E195: 2018 | F195: 2019 | G195: 2020
B196: Résultat reporté | C196: -23623 | D196: -16176 | E196: 15982 | F196: 13826 | G196: 10266
A213: Calculs - Réel
B215: Résultat reporté
C216: 2016 | D216: 2017 | E216: 2018 | F216: 2019 | G216: 2020
...

Sheet 5 F
A2: PARTIE FINANCIERE
B7: Objectif | C7: Variable d'action | D7: Indicateur
A8: 5 | B8: Adopter une politique du prix juste | C8: Proposer un prix accessible pour les consommateurs, tout en rémunérant décemment des producteurs | D8: Marge brute moyenne par catégorie de produits + totale
A11: 5. Marge brute
A13: Formules
B15: Prix d'achat * Marge brute = Prix de vente
B16: Donc, Marge brute = Prix de vente/Prix d'achat
B18: L'information devrait rester constante et est reprise dans l'onglet "Détails Ventes" du plan financier
B20: Les catégories de produits : légumes frais, fruits frais-secs-conserves, sucres-chocolats-confiseries, lait-fromages-crèmerie,
B21: poisson, pains-céréales, viande-charcuterie, thés-cafés-tisanes, huiles-vinaigres, autres produits alimentaires,
B22: boissons alcoolisées, eaux-softs-jus, produits non alimentaires
A24: Calculs - Prévisions
B26: Marge brute moyenne
C27: 2016 | D27: 2017 | E27: 2018 | F27: 2019 | G27: 2020
B28: Légumes frais | C28: 1.3 | D28: 1.3 | E28: 1.3 | F28: 1.3 | G28: 1.3
B29: Fruits frais-secs-conserves | C29: 1.2 | D29: 1.2 | E29: 1.2 | F29: 1.2 | G29: 1.2
B30: Sucres-chocolats-confiseries | C30: 1.2 | D30: 1.2 | E30: 1.2 | F30: 1.2 | G30: 1.2
B31: Lait-fromages-crèmerie | C31: 1.15 | D31: 1.15 | E31: 1.15 | F31: 1.15 | G31: 1.15
B32: Poisson | C32: 1.25 | D32: 1.25 | E32: 1.25 | F32: 1.25 | G32: 1.25
B33: Pains-céréales | C33: 1.2 | D33: 1.2 | E33: 1.2 | F33: 1.2 | G33: 1.2
B34: Viande-charcuterie | C34: 1.25 | D34: 1.25 | E34: 1.25 | F34: 1.25 | G34: 1.25
B35: Thés-cafés-tisanes | C35: 1.15 | D35: 1.15 | E35: 1.15 | F35: 1.15 | G35: 1.15
B36: Huiles-vinaigres | C36: 1.2 | D36: 1.2 | E36: 1.2 | F36: 1.2 | G36: 1.2
B37: Autres produits alimentaires | C37: 1.2 | D37: 1.2 | E37: 1.2 | F37: 1.2 | G37: 1.2
B38: Boissons alcoolisées | C38: 1.2 | D38: 1.2 | E38: 1.2 | F38: 1.2 | G38: 1.2
B39: Eaux-softs-jus | C39: 1.2 | D39: 1.2 | E39: 1.2 | F39: 1.2 | G39: 1.2
B40: Produits non alimentaires | C40: 1.2 | D40: 1.2 | E40: 1.2 | F40: 1.2 | G40: 1.2
B41: Marge brute moyenne totale | C41: =SUM(C28:C40)/13 -> 1.2076923 | D41: =SUM(D28:D40)/13 -> 1.2076923 | E41: =SUM(E28:E40)/13 -> 1.2076923 | F41: =SUM(F28:F40)/13 -> 1.2076923 | G41: =SUM(G28:G40)/13 -> 1.2076923
A62: Calculs - Réel
B64: Prix de vente moyen
C65: 2016 | D65: 2017 | E65: 2018 | F65: 2019 | G65: 2020
B66: Légumes frais | C66: 2 | D66: 2 | E66: 2 | F66: 2 | G66: 2
B67: Fruits frais-secs-conserves | C67: 1 | D67: 2 | E67: 2 | F67: 2 | G67: 2
B68: Sucres-chocolats-confiseries | C68: 1 | D68: 1 | E68: 1 | F68: 1 | G68: 1
B69: Lait-fromages-crèmerie | C69: 2 | D69: 3 | E69: 3 | F69: 3 | G69: 3
B70: Poisson | C70: 1 | D70: 1 | E70: 1 | F70: 1 | G70: 1
B71: Pains-céréales | C71: 3 | D71: 4 | E71: 4 | F71: 4 | G71: 4
B72: Viande-charcuterie | C72: 3 | D72: 4 | E72: 5 | F72: 5 | G72: 5
B73: Thés-cafés-tisanes | C73: 1 | D73: 1 | E73: 1 | F73: 1 | G73: 1
B74: Huiles-vinaigres | C74: 1 | D74: 1 | E74: 1 | F74: 1 | G74: 1
B75: Autres produits alimentaires | C75: 1 | D75: 1 | E75: 1 | F75: 1 | G75: 1
B76: Boissons alcoolisées | C76: 1 | D76: 2 | E76: 2 | F76: 2 | G76: 2
B77: Eaux-softs-jus | C77: 1 | D77: 1 | E77: 2 | F77: 2 | G77: 2
B78: Produits non alimentaires | C78: 4 | D78: 5 | E78: 6 | F78: 6 | G78: 6
B81: Prix d'achat moyen
C82: 2016 | D82: 2017 | E82: 2018 | F82: 2019 | G82: 2020
B83: Légumes frais | C83: 1 | D83: 1 | E83: 1 | F83: 1 | G83: 1
B84: Fruits frais-secs-conserves | C84: 1 | D84: 1.5 | E84: 1.5 | F84: 1.5 | G84: 1.5
B85: Sucres-chocolats-confiseries | C85: 1 | D85: 1 | E85: 1 | F85: 1 | G85: 1
B86: Lait-fromages-crèmerie | C86: 2 | D86: 2 | E86: 2 | F86: 2 | G86: 2
B87: Poisson | C87: 3 | D87: 3 | E87: 3 | F87: 3 | G87: 3
B88: Pains-céréales | C88: 2 | D88: 3 | E88: 3 | F88: 3 | G88: 3
B89: Viande-charcuterie | C89: 2 | D89: 3 | E89: 3 | F89: 3 | G89: 3
B90: Thés-cafés-tisanes | C90: 1 | D90: 1 | E90: 1 | F90: 1 | G90: 1
B91: Huiles-vinaigres | C91: 0.5 | D91: 0.5 | E91: 0.5 | F91: 0.5 | G91: 0.5
B92: Autres produits alimentaires | C92: 0.5 | D92: 0.5 | E92: 0.5 | F92: 0.5 | G92: 0.5
B93: Boissons alcoolisées | C93: 1 | D93: 1 | E93: 2 | F93: 2 | G93: 2
B94: Eaux-softs-jus | C94: 0.5 | D94: 0.5 | E94: 0.5 | F94: 0.5 | G94: 0.5
B95: Produits non alimentaires | C95: 3 | D95: 3 | E95: 3 | F95: 3 | G95: 3
B98: Marge brute moyenne
C99: 2016 | D99: 2017 | E99: 2018 | F99: 2019 | G99: 2020
B100: Légumes frais | C100: =$C66/$C83 -> 2 | D100: =$D66/$D83 -> 2 | E100: =$E66/$E83 -> 2 | F100: =$F66/$F83 -> 2 | G100: =$G66/$G83 -> 2
B101: Fruits frais-secs-conserves | C101: =$C67/$C84 -> 1 | D101: =$D67/$D84 -> 1.3333333 | E101: =$E67/$E84 -> 1.3333333 | F101: =$F67/$F84 -> 1.3333333 | G101: =$G67/$G84 -> 1.3333333
B102: Sucres-chocolats-confiseries | C102: =$C68/$C85 -> 1 | D102: =$D68/$D85 -> 1 | E102: =$E68/$E85 -> 1 | F102: =$F68/$F85 -> 1 | G102: =$G68/$G85 -> 1
B103: Lait-fromages-crèmerie | C103: =$C69/$C86 -> 1 | D103: =$D69/$D86 -> 1.5 | E103: =$E69/$E86 -> 1.5 | F103: =$F69/$F86 -> 1.5 | G103: =$G69/$G86 -> 1.5
B104: Poisson | C104: =$C70/$C87 -> 0.33333333 | D104: =$D70/$D87 -> 0.33333333 | E104: =$E70/$E87 -> 0.33333333 | F104: =$F70/$F87 -> 0.33333333 | G104: =$G70/$G87 -> 0.33333333
B105: Pains-céréales | C105: =$C71/$C88 -> 1.5 | D105: =$D71/$D88 -> 1.3333333 | E105: =$E71/$E88 -> 1.3333333 | F105: =$F71/$F88 -> 1.3333333 | G105: =$G71/$G88 -> 1.3333333
B106: Viande-charcuterie | C106: =$C72/$C89 -> 1.5 | D106: =$D72/$D89 -> 1.3333333 | E106: =$E72/$E89 -> 1.6666667 | F106: =$F72/$F89 -> 1.6666667 | G106: =$G72/$G89 -> 1.6666667
B107: Thés-cafés-tisanes | C107: =$C73/$C90 -> 1 | D107: =$D73/$D90 -> 1 | E107: =$E73/$E90 -> 1 | F107: =$F73/$F90 -> 1 | G107: =$G73/$G90 -> 1
B108: Huiles-vinaigres | C108: =$C74/$C91 -> 2 | D108: =$D74/$D91 -> 2 | E108: =$E74/$E91 -> 2 | F108: =$F74/$F91 -> 2 | G108: =$G74/$G91 -> 2
B109: Autres produits alimentaires | C109: =$C75/$C92 -> 2 | D109: =$D75/$D92 -> 2 | E109: =$E75/$E92 -> 2 | F109: =$F75/$F92 -> 2 | G109: =$G75/$G92 -> 2
B110: Boissons alcoolisées | C110: =$C76/$C93 -> 1 | D110: =$D76/$D93 -> 2 | E110: =$E76/$E93 -> 1 | F110: =$F76/$F93 -> 1 | G110: =$G76/$G93 -> 1
B111: Eaux-softs-jus | C111: =$C77/$C94 -> 2 | D111: =$D77/$D94 -> 2 | E111: =$E77/$E94 -> 4 | F111: =$F77/$F94 -> 4 | G111: =$G77/$G94 -> 4
B112: Produits non alimentaires | C112: =$C78/$C95 -> 1.3333333 | D112: =$D78/$D95 -> 1.6666667 | E112: =$E78/$E95 -> 2 | F112: =$F78/$F95 -> 2 | G112: =$G78/$G95 -> 2
B113: Marge brute moyenne totale | C113: =(SUM(C100:C112))/13 -> 1.3589744 | D113: =(SUM(D100:D112))/13 -> 1.5 | E113: =(SUM(E100:E112))/13 -> 1.6282051 | F113: =(SUM(F100:F112))/13 -> 1.6282051 | G113: =(SUM(G100:G112))/13 -> 1.6282051
A135: Comparaison prévisions - réel
B137: Marge brute - Comparaison
C138: 2016 | D138: 2017 | E138: 2018 | F138: 2019 | G138: 2020
B139: Prévisions | C139: =C$41 -> 1.2076923 | D139: =D$41 -> 1.2076923 | E139: =E$41 -> 1.2076923 | F139: =F$41 -> 1.2076923 | G139: =G$41 -> 1.2076923
B140: Réel | C140: =C$113 -> 1.3589744 | D140: =D$113 -> 1.5 | E140: =E$113 -> 1.6282051 | F140: =F$113 -> 1.6282051 | G140: =G$113 -> 1.6282051
B141: Différence | C141: =C$140-C$139 -> 0.15128205 | D141: =D$140-D$139 -> 0.29230769 | E141: =E$140-E$139 -> 0.42051282 | F141: =F$140-F$139 -> 0.42051282 | G141: =G$140-G$139 -> 0.42051282

Sheet 6 F
A2: PARTIE FINANCIERE
B7: Objectif | C7: Variable d'action | D7: Indicateur
A8: 6 | B8: Optimiser la gestion des stocks | C8: Connaitre le rythme des ventes par type de produit | D8: Quantités vendues/type de produit
A11: 6. Quantités vendues/type de produit
A13: Formules
B15: CA = Prix de vente * Quantités vendues
B16: Donc, Quantités vendues = CA/Prix de vente
B18: Les types de produits : légumes frais, fruits frais-secs-conserves, sucres-chocolats-confiseries, lait-fromages-crèmerie,
B19: poisson, pains-céréales, viande-charcuterie, thés-cafés-tisanes, huiles-vinaigres, autres produits alimentaires,
B20: boissons alcoolisées, eaux-softs-jus, produits non alimentaires
A22: Calculs - Prévisions
B24: Chiffre d'affaires total
C25: 2016 | D25: 2017 | E25: 2018 | F25: 2019 | G25: 2020
B26: Produits alimentaires | C26: 220547 | D26: 810841 | E26: 1350899 | F26: 1789481 | G26: 1967440
B27: Boissons | C27: 26455 | D27: 143056 | E27: 238338 | F27: 315716 | G27: 347114
B28: Produits non alimentaires | C28: 35217 | D28: 190436 | E28: 317275 | F28: 420282 | G28: 462078
B29: Chiffre d'affaires | C29: =SUM(C26:C28) -> 282219 | D29: =SUM(D26:D28) -> 1144333 | E29: =SUM(E26:E28) -> 1906512 | F29: =SUM(F26:F28) -> 2525479 | G29: =SUM(G26:G28) -> 2776632
B32: Chiffre d'affaires/produit
C33: % du panier total | D33: 2016 | E33: 2017 | F33: 2018 | G33: 2019 | H33: 2020
B34: Chiffre d'affaires total | D34: =C29 -> 282219 | E34: =D29 -> 1144333 | F34: =E29 -> 1906512 | G34: =F29 -> 2525479 | H34: =G29 -> 2776632
B35: Légumes frais | C35: 0.0826 | D35: =D34*C35 -> 23311.289 | E35: =E34*C35 -> 94521.906 | F35: =F34*C35 -> 157477.89 | G35: =G34*C35 -> 208604.57 | H35: =H34*C35 -> 229349.8
B36: Fruits frais-secs-conserves | C36: 0.0639 | D36: =D34*C36 -> 18033.794 | E36: =E34*C36 -> 73122.879 | F36: =F34*C36 -> 121826.12 | G36: =G34*C36 -> 161378.11 | H36: =H34*C36 -> 177426.78
B37: Sucres-chocolats-confiseries | C37: 0.0469 | D37: =D34*C37 -> 13236.071 | E37: =E34*C37 -> 53669.218 | F37: =F34*C37 -> 89415.413 | G37: =G34*C37 -> 118444.97 | H37: =H34*C37 -> 130224.04
B38: Lait-fromages-crèmerie | C38: 0.0974 | D38: =D34*C38 -> 27488.131 | E38: =E34*C38 -> 111458.03 | F38: =F34*C38 -> 185694.27 | G38: =G34*C38 -> 245981.65 | H38: =H34*C38 -> 270443.96
B39: Poisson | C39: 0.0461 | D39: =D34*C39 -> 13010.296 | E39: =E34*C39 -> 52753.751 | F39: =F34*C39 -> 87890.203 | G39: =G34*C39 -> 116424.58 | H39: =H34*C39 -> 128002.74
B40: Pains-céréales | C40: 0.1332 | D40: =D34*C40 -> 37591.571 | E40: =E34*C40 -> 152425.16 | F40: =F34*C40 -> 253947.4 | G40: =G34*C40 -> 336393.8 | H40: =H34*C40 -> 369847.38
B41: Viande-charcuterie | C41: 0.1468 | D41: =D34*C41 -> 41429.749 | E41: =E34*C41 -> 167988.08 | F41: =F34*C41 -> 279875.96 | G41: =G34*C41 -> 370740.32 | H41: =H34*C41 -> 407609.58
B42: Thés-cafés-tisanes | C42: 0.0195 | D42: =D34*C42 -> 5503.2705 | E42: =E34*C42 -> 22314.494 | F42: =F34*C42 -> 37176.984 | G42: =G34*C42 -> 49246.84 | H42: =H34*C42 -> 54144.324
B43: Huiles-vinaigres | C43: 0.0187 | D43: =D34*C43 -> 5277.4953 | E43: =E34*C43 -> 21399.027 | F43: =F34*C43 -> 35651.774 | G43: =G34*C43 -> 47226.457 | H43: =H34*C43 -> 51923.018
B44: Autres produits alimentaires | C44: 0.0534 | D44: =D34*C44 -> 15070.495 | E44: =E34*C44 -> 61107.382 | F44: =F34*C44 -> 101807.74 | G44: =G34*C44 -> 134860.58 | H44: =H34*C44 -> 148272.15
B45: Boissons alcoolisées | C45: 0.0678 | D45: =D34*C45 -> 19134.448 | E45: =E34*C45 -> 77585.777 | F45: =F34*C45 -> 129261.51 | G45: =G34*C45 -> 171227.48 | H45: =H34*C45 -> 188255.65
B46: Eaux-softs-jus | C46: 0.0572 | D46: =D34*C46 -> 16142.927 | E46: =E34*C46 -> 65455.848 | F46: =F34*C46 -> 109052.49 | G46: =G34*C46 -> 144457.4 | H46: =H34*C46 -> 158823.35
B47: Produits non alimentaires | C47: 0.1664 | D47: =D34*C47 -> 46961.242 | E47: =E34*C47 -> 190417.01 | F47: =F34*C47 -> 317243.6 | G47: =G34*C47 -> 420239.71 | H47: =H34*C47 -> 462031.56
B48: Total | C48: =SUM(C35:C47) -> 0.9999 | D48: =SUM(D35:D47) -> 282190.78 | E48: =SUM(E35:E47) -> 1144218.6 | F48: =SUM(F35:F47) -> 1906321.3 | G48: =SUM(G35:G47) -> 2525226.5 | H48: =SUM(H35:H47) -> 2776354.3
B49: Différence | C49: =1-C48 -> 0.0001 | D49: =D34-D48 -> 28.2219 | E49: =E34-E48 -> 114.4333 | F49: =F34-F48 -> 190.6512 | G49: =G34-G48 -> 252.5479 | H49: =H34-H48 -> 277.6632
B52: Prix de vente/produit
C53: 2016 | D53: 2017 | E53: 2018 | F53: 2019 | G53: 2020
B54: Légumes frais | C54: 2.23 | D54: 2.61 | E54: 2.98 | F54: 2.98 | G54: 2.98
B55: Fruits frais-secs-conserves | C55: 1.73 | D55: 2.02 | E55: 2.3 | F55: 2.3 | G55: 2.3
B56: Sucres-chocolats-confiseries | C56: 1.27 | D56: 1.48 | E56: 1.69 | F56: 1.69 | G56: 1.69
B57: Lait-fromages-crèmerie | C57: 2.63 | D57: 3.07 | E57: 3.51 | F57: 3.51 | G57: 3.51
B58: Poisson | C58: 1.25 | D58: 1.45 | E58: 1.66 | F58: 1.66 | G58: 1.66
B59: Pains-céréales | C59: 3.6 | D59: 4.2 | E59: 4.8 | F59: 4.8 | G59: 4.8
B60: Viande-charcuterie | C60: 3.97 | D60: 4.63 | E60: 5.29 | F60: 5.29 | G60: 5.29
B61: Thés-cafés-tisanes | C61: 0.53 | D61: 0.62 | E61: 0.7 | F61: 0.7 | G61: 0.7
B62: Huiles-vinaigres | C62: 0.51 | D62: 0.59 | E62: 0.67 | F62: 0.67 | G62: 0.67
B63: Autres produits alimentaires | C63: 1.44 | D63: 1.68 | E63: 1.93 | F63: 1.93 | G63: 1.93
B64: Boissons alcoolisées | C64: 1.83 | D64: 2.14 | E64: 2.44 | F64: 2.44 | G64: 2.44
B65: Eaux-softs-jus | C65: 1.55 | D65: 1.8 | E65: 2.06 | F65: 2.06 | G65: 2.06
B66: Produits non alimentaires | C66: 4.5 | D66: 5.25 | E66: 6 | F66: 6 | G66: 6
B69: Quantités vendues/produit
C70: 2016 | D70: 2017 | E70: 2018 | F70: 2019 | G70: 2020
B71: Légumes frais | C71: =D35/C54 -> 10453.493 | D71: =E35/D54 -> 36215.29 | E71: =$F35/$E54 -> 52844.93 | F71: =$G35/$F54 -> 70001.532 | G71: =$H35/$G54 -> 76963.021
B72: Fruits frais-secs-conserves | C72: =D36/C55 -> 10424.158 | D72: =E36/D55 -> 36199.445 | E72: =$F36/$E55 -> 52967.877 | F72: =$G36/$F55 -> 70164.395 | G72: =$H36/$G55 -> 77142.08
B73: Sucres-chocolats-confiseries | C73: =D37/C56 -> 10422.103 | D73: =E37/D56 -> 36262.985 | E73: =$F37/$E56 -> 52908.528 | F73: =$G37/$F56 -> 70085.778 | G73: =$H37/$G56 -> 77055.645
B74: Lait-fromages-crèmerie | C74: =D38/C57 -> 10451.761 | D74: =E38/D57 -> 36305.549 | E74: =$F38/$E57 -> 52904.35 | F74: =$G38/$F57 -> 70080.243 | G74: =$H38/$G57 -> 77049.56
B75: Poisson | C75: =D39/C58 -> 10408.237 | D75: =E39/D58 -> 36381.897 | E75: =$F39/$E58 -> 52945.906 | F75: =$G39/$F58 -> 70135.29 | G75: =$H39/$G58 -> 77110.081
B76: Pains-céréales | C76: =D40/C59 -> 10442.103 | D76: =E40/D59 -> 36291.704 | E76: =$F40/$E59 -> 52905.708 | F76: =$G40/$F59 -> 70082.042 | G76: =$H40/$G59 -> 77051.538
B77: Viande-charcuterie | C77: =D41/C60 -> 10435.705 | D77: =E41/D60 -> 36282.524 | E77: =$F41/$E60 -> 52906.609 | F77: =$G41/$F60 -> 70083.236 | G77: =$H41/$G60 -> 77052.85
B78: Thés-cafés-tisanes | C78: =D42/C61 -> 10383.529 | D78: =$E42/$D61 -> 35991.119 | E78: =$F42/$E61 -> 53109.977 | F78: =$G42/$F61 -> 70352.629 | G78: =$H42/$G61 -> 77349.034
B79: Huiles-vinaigres | C79: =D43/C62 -> 10348.03 | D79: =$E43/$D62 -> 36269.537 | E79: =$F43/$E62 -> 53211.604 | F79: =$G43/$F62 -> 70487.25 | G79: =$H43/$G62 -> 77497.042
B80: Autres produits alimentaires | C80: =D44/C63 -> 10465.621 | D80: =$E44/$D63 -> 36373.442 | E80: =$F44/$E63 -> 52750.125 | F80: =$G44/$F63 -> 69875.947 | G80: =$H44/$G63 -> 76824.948
B81: Boissons alcoolisées | C81: =D45/C64 -> 10455.983 | D81: =$E45/$D64 -> 36255.036 | E81: =$F45/$E64 -> 52976.03 | F81: =$G45/$F64 -> 70175.195 | G81: =$H45/$G64 -> 77153.955
B82: Eaux-softs-jus | C82: =D46/C65 -> 10414.791 | D82: =$E46/$D65 -> 36364.36 | E82: =$F46/$E65 -> 52938.1 | F82: =$G46/$F65 -> 70124.951 | G82: =$H46/$G65 -> 77098.714
B83: Produits non alimentaires | C83: =D47/C66 -> 10435.831 | D83: =$E47/$D66 -> 36269.907 | E83: =$F47/$E66 -> 52873.933 | F83: =$G47/$F66 -> 70039.951 | G83: =$H47/$G66 -> 77005.261
B84: Quantité totale | C84: =SUM(C71:C83) -> 135541.35 | D84: =SUM(D71:D83) -> 471462.79 | E84: =SUM(E71:E83) -> 688243.68 | F84: =SUM(F71:F83) -> 911688.44 | G84: =SUM(G71:G83) -> 1002353.7
A196: Calculs - Réel
B198: Quantités vendues/produit
C199: 2016 | D199: 2017 | E199: 2018 | F199: 2019 | G199: 2020
B200: Légumes frais | C200: 10000 | D200: 36000 | E200: 52000 | F200: 70000 | G200: 76000
B201: Fruits frais-secs-conserves | C201: 10000 | D201: 36000 | E201: 52000 | F201: 70000 | G201: 77000
B202: Sucres-chocolats-confiseries | C202: 10000 | D202: 36000 | E202: 52000 | F202: 70000 | G202: 77000
B203: Lait-fromages-crèmerie | C203: 10000 | D203: 36000 | E203: 52000 | F203: 70000 | G203: 77000
B204: Poisson | C204: 10000 | D204: 36000 | E204: 52000 | F204: 70000 | G204: 77000
B205: Pains-céréales | C205: 10000 | D205: 36000 | E205: 52000 | F205: 70000 | G205: 77000
B206: Viande-charcuterie | C206: 10000 | D206: 36000 | E206: 52000 | F206: 70000 | G206: 77000
B207: Thés-cafés-tisanes | C207: 10000 | D207: 35000 | E207: 53000 | F207: 70000 | G207: 77000
B208: Huiles-vinaigres | C208: 10000 | D208: 36000 | E208: 53000 | F208: 70000 | G208: 77000
B209: Autres produits alimentaires | C209: 10000 | D209: 36000 | E209: 52000 | F209: 69000 | G209: 76000
B210: Boissons alcoolisées | C210: 10000 | D210: 36000 | E210: 52000 | F210: 70000 | G210: 77000
B211: Eaux-softs-jus | C211: 10000 | D211: 36000 | E211: 52000 | F211: 70000 | G211: 77000
B212: Produits non alimentaires | C212: 10000 | D212: 36000 | E212: 52000 | F212: 70000 | G212: 77000
B213: Quantité totale | C213: =SUM(C200:C212) -> 130000 | D213: =SUM(D200:D212) -> 467000 | E213: =SUM(E200:E212) -> 678000 | F213: =SUM(F200:F212) -> 909000 | G213: =SUM(G200:G212) -> 999000
A295: Comparaison prévisions - réel
B297: Légumes frais
C298: 2016 | D298: 2017 | E298: 2018 | F298: 2019 | G298: 2020
B299: Prévisions | C299: =C$71 -> 10453.493 | D299: =D$71 -> 36215.29 | E299: =E$71 -> 52844.93 | F299: =F$71 -> 70001.532 | G299: =G$71 -> 76963.021
B300: Réel | C300: =C$200 -> 10000 | D300: =D$200 -> 36000 | E300: =E$200 -> 52000 | F300: =F$200 -> 70000 | G300: =G$200 -> 76000
B301: Différence | C301: =C$300-C$299 -> -453.493 | D301: =D$300-D$299 -> -215.28958 | E301: =E$300-E$299 -> -844.92993 | F301: =F$300-F$299 -> -1.5320134 | G301: =G$300-G$299 -> -963.02121
B304: Fruits frais-secs-conserves
C305: 2016 | D305: 2017 | E305: 2018 | F305: 2019 | G305: 2020
B306: Prévisions | C306: =C$72 -> 10424.158 | D306: =D$72 -> 36199.445 | E306: =E$72 -> 52967.877 | F306: =F$72 -> 70164.395 | G306: =G$72 -> 77142.08
B307: Réel | C307: =C$201 -> 10000 | D307: =D$201 -> 36000 | E307: =E$201 -> 52000 | F307: =F$201 -> 70000 | G307: =G$201 -> 77000
B308: Différence | C308: =C$307-C$306 -> -424.15844 | D308: =D$307-D$306 -> -199.4449 | E308: =E$307-E$306 -> -967.87687 | F308: =F$307-F$306 -> -164.39483 | G308: =G$307-G$306 -> -142.08035
B311: Sucres-chocolats-confiseries
C312: 2016 | D312: 2017 | E312: 2018 | F312: 2019 | G312: 2020
B313: Prévisions | C313: =C$73 -> 10422.103 | D313: =D$73 -> 36262.985 | E313: =E$73 -> 52908.528 | F313: =F$73 -> 70085.778 | G313: =G$73 -> 77055.645
B314: Réel | C314: =C$202 -> 10000 | D314: =D$202 -> 36000 | E314: =E$202 -> 52000 | F314: =F$202 -> 70000 | G314: =G$202 -> 77000
B315: Différence | C315: =C$314-C$313 -> -422.10323 | D315: =D$314-D$313 -> -262.98493 | E315: =E$314-E$313 -> -908.52828 | F315: =F$314-F$313 -> -85.778166 | G315: =G$314-G$313 -> -55.645444
B318: Lait-fromages-crèmerie
...

Sheet 7+8 F
A2: PARTIE FINANCIERE
B7: Objectif | C7: Variable d'action | D7: Indicateur
A8: 7 | B8: Optimiser la gestion des stocks | C8: Connaitre le taux de rotation des stocks | D8: Taux de rotation des stocks
A9: 8 | C9: Connaitre la durée moyenne de stockage | D9: Durée moyenne de stockage
A12: 7. Taux de rotation des stocks
A14: Formules
B16: Taux de rotation = CA/Valeur de vente du stock
B17: Avec Valeur de vente du stock = Valeur d'achat du stock * Marge brute moyenne
A19: Calculs - Prévisions
B21: Taux de rotation - Produits alimentaires
C22: 2016 | D22: 2017 | E22: 2018 | F22: 2019 | G22: 2020
B23: Chiffre d'affaires | C23: 220547 | D23: 810841 | E23: 1350899 | F23: 1789481 | G23: 1967440
B24: Valeur d'achat du stock | C24: 40000 | D24: 40000 | E24: 40000 | F24: 40000 | G24: 40000
B25: Marge brute moyenne | C25: 1.21 | D25: 1.21 | E25: 1.21 | F25: 1.21 | G25: 1.21
B26: Valeur de vente du stock | C26: =$C24*$C25 -> 48400 | D26: =D24*D25 -> 48400 | E26: =E24*E25 -> 48400 | F26: =F24*F25 -> 48400 | G26: =G24*G25 -> 48400
B27: Taux de rotation - Produits alimentaires | C27: =C23/C26 -> 4.5567562 | D27: =D23/D26 -> 16.752913 | E27: =E23/E26 -> 27.911136 | F27: =F23/F26 -> 36.972748 | G27: =G23/G26 -> 40.649587
B28: Rotation du stock tous les x mois | C28: =12/C27 -> 2.6334523 | D28: =12/D27 -> 0.71629333 | E28: =12/E27 -> 0.42993592 | F28: =12/F27 -> 0.32456338 | G28: =12/G27 -> 0.29520595
B32: Taux de rotation - Boissons
C33: 2016 | D33: 2017 | E33: 2018 | F33: 2019 | G33: 2020
B34: Chiffre d'affaires | C34: 26455 | D34: 143056 | E34: 238338 | F34: 315716 | G34: 347114
B35: Valeur d'achat du stock | C35: 5000 | D35: 5000 | E35: 5000 | F35: 5000 | G35: 5000
B36: Marge brute moyenne | C36: 1.2 | D36: 1.2 | E36: 1.2 | F36: 1.2 | G36: 1.2
B37: Valeur de vente du stock | C37: =$C35*$C36 -> 6000 | D37: =D35*D36 -> 6000 | E37: =E35*E36 -> 6000 | F37: =F35*F36 -> 6000 | G37: =G35*G36 -> 6000
B38: Taux de rotation - Boissons | C38: =C34/C37 -> 4.4091667 | D38: =D34/D37 -> 23.842667 | E38: =E34/E37 -> 39.723 | F38: =F34/F37 -> 52.619333 | G38: =G34/G37 -> 57.852333
B39: Rotation du stock tous les x mois | C39: =12/C38 -> 2.7216027 | D39: =12/D38 -> 0.50329941 | E39: =12/E38 -> 0.30209199 | F39: =12/F38 -> 0.22805306 | G39: =12/G38 -> 0.20742465
B42: Taux de rotation - Produits non alimentaires
C43: 2016 | D43: 2017 | E43: 2018 | F43: 2019 | G43: 2020
B44: Chiffre d'affaires | C44: 35217 | D44: 190436 | E44: 317275 | F44: 420282 | G44: 462078
B45: Valeur d'achat du stock | C45: 5000 | D45: 5000 | E45: 5000 | F45: 5000 | G45: 5000
B46: Marge brute moyenne | C46: 1.2 | D46: 1.2 | E46: 1.2 | F46: 1.2 | G46: 1.2
B47: Valeur de vente du stock | C47: =C45*C46 -> 6000 | D47: =D45*D46 -> 6000 | E47: =E45*E46 -> 6000 | F47: =F45*F46 -> 6000 | G47: =G45*G46 -> 6000
B48: Taux de rotation - Produits non alimentaires | C48: =C44/C47 -> 5.8695 | D48: =D44/D47 -> 31.739333 | E48: =E44/E47 -> 52.879167 | F48: =F44/F47 -> 70.047 | G48: =G44/G47 -> 77.013
B49: Rotation du stock tous les x mois | C49: =12/C48 -> 2.0444672 | D49: =12/D48 -> 0.37807977 | E49: =12/E48 -> 0.22693247 | F49: =12/F48 -> 0.17131355 | G49: =12/G48 -> 0.15581785
A68: Calculs - Réel
B70: Taux de rotation - Produits alimentaires
C71: 2016 | D71: 2017 | E71: 2018 | F71: 2019 | G71: 2020
B72: Chiffre d'affaires | C72: 220000 | D72: 810000 | E72: 1350000 | F72: 1789000 | G72: 1967000
B73: Valeur d'achat du stock | C73: 5000 | D73: 5000 | E73: 5000 | F73: 5000 | G73: 5000
B74: Marge brute moyenne | C74: 1 | D74: 1 | E74: 1 | F74: 1 | G74: 1
B75: Valeur de vente du stock | C75: =C$73*C$74 -> 5000 | D75: =D$73*D$74 -> 5000 | E75: =E$73*E$74 -> 5000 | F75: =F$73*F$74 -> 5000 | G75: =G$73*G$74 -> 5000
B76: Taux de rotation | C76: =C$72/C$75 -> 44 | D76: =D$72/D$75 -> 162 | E76: =E$72/E$75 -> 270 | F76: =F$72/F$75 -> 357.8 | G76: =G$72/G$75 -> 393.4
B77: Rotation du stock tous les x mois | C77: =12/C$76 -> 0.27272727 | D77: =12/D$76 -> 0.074074074 | E77: =12/E$76 -> 0.044444444 | F77: =12/F$76 -> 0.03353829 | G77: =12/G$76 -> 0.030503305
B81: Taux de rotation - Boissons
C82: 2016 | D82: 2017 | E82: 2018 | F82: 2019 | G82: 2020
B83: Chiffre d'affaires | C83: 26000 | D83: 143000 | E83: 238000 | F83: 315000 | G83: 347000
B84: Valeur d'achat du stock | C84: 4000 | D84: 4000 | E84: 4000 | F84: 4000 | G84: 4000
B85: Marge brute moyenne | C85: 0.5 | D85: 0.5 | E85: 0.5 | F85: 0.5 | G85: 0.5
B86: Valeur de vente du stock | C86: =C$84*C$85 -> 2000 | D86: =D$84*D$85 -> 2000 | E86: =E$84*E$85 -> 2000 | F86: =F$84*F$85 -> 2000 | G86: =G$84*G$85 -> 2000
B87: Taux de rotation | C87: =C$83/C$86 -> 13 | D87: =D$83/D$86 -> 71.5 | E87: =E$83/E$86 -> 119 | F87: =F$83/F$86 -> 157.5 | G87: =G$83/G$86 -> 173.5
B88: Rotation du stock tous les x mois | C88: =12/C$87 -> 0.92307692 | D88: =12/D$87 -> 0.16783217 | E88: =12/E$87 -> 0.10084034 | F88: =12/F$87 -> 0.076190476 | G88: =12/G$87 -> 0.069164265
B91: Taux de rotation - Produits non alimentaires
C92: 2016 | D92: 2017 | E92: 2018 | F92: 2019 | G92: 2020
B93: Chiffre d'affaires | C93: 35000 | D93: 190000 | E93: 317000 | F93: 420000 | G93: 462000
B94: Valeur d'achat du stock | C94: 3000 | D94: 3000 | E94: 3000 | F94: 3000 | G94: 3000
B95: Marge brute moyenne | C95: 1.5 | D95: 1.5 | E95: 1.5 | F95: 1.5 | G95: 1.5
B96: Valeur de vente du stock | C96: =C$94*C$95 -> 4500 | D96: =D$94*D$95 -> 4500 | E96: =E$94*E$95 -> 4500 | F96: =F$94*F$95 -> 4500 | G96: =G$94*G$95 -> 4500
B97: Taux de rotation | C97: =C$93/C$96 -> 7.7777778 | D97: =D$93/D$96 -> 42.222222 | E97: =E$93/E$96 -> 70.444444 | F97: =F$93/F$96 -> 93.333333 | G97: =G$93/G$96 -> 102.66667
B98: Rotation du stock tous les x mois | C98: =12/C$97 -> 1.5428571 | D98: =12/D$97 -> 0.28421053 | E98: =12/E$97 -> 0.170347 | F98: =12/F$97 -> 0.12857143 | G98: =12/G$97 -> 0.11688312
A115: Comparaison prévisions - réel
B117: Taux de rotation - Produits alimentaires
C118: 2016 | D118: 2017 | E118: 2018 | F118: 2019 | G118: 2020
B119: Prévisions | C119: =C$27 -> 4.5567562 | D119: =D$27 -> 16.752913 | E119: =E$27 -> 27.911136 | F119: =F$27 -> 36.972748 | G119: =G$27 -> 40.649587
B120: Réel | C120: =C$76 -> 44 | D120: =D$76 -> 162 | E120: =E$76 -> 270 | F120: =F$76 -> 357.8 | G120: =G$76 -> 393.4
B121: Différence | C121: =C$120-C$119 -> 39.443244 | D121: =D$120-D$119 -> 145.24709 | E121: =E$120-E$119 -> 242.08886 | F121: =F$120-F$119 -> 320.82725 | G121: =G$120-G$119 -> 352.75041
B124: Taux de rotation - Boissons
C125: 2016 | D125: 2017 | E125: 2018 | F125: 2019 | G125: 2020
B126: Prévisions | C126: =C$38 -> 4.4091667 | D126: =D$38 -> 23.842667 | E126: =E$38 -> 39.723 | F126: =F$38 -> 52.619333 | G126: =G$38 -> 57.852333
B127: Réel | C127: =C$87 -> 13 | D127: =D$87 -> 71.5 | E127: =E$87 -> 119 | F127: =F$87 -> 157.5 | G127: =G$87 -> 173.5
B128: Différence | C128: =C$127-C$126 -> 8.5908333 | D128: =D$127-D$126 -> 47.657333 | E128: =E$127-E$126 -> 79.277 | F128: =F$127-F$126 -> 104.88067 | G128: =G$127-G$126 -> 115.64767
B131: Taux de rotation - Produits non alimentaires
C132: 2016 | D132: 2017 | E132: 2018 | F132: 2019 | G132: 2020
B133: Prévisions | C133: =C$48 -> 5.8695 | D133: =D$48 -> 31.739333 | E133: =E$48 -> 52.879167 | F133: =F$48 -> 70.047 | G133: =G$48 -> 77.013
B134: Réel | C134: =C$97 -> 7.7777778 | D134: =D$97 -> 42.222222 | E134: =E$97 -> 70.444444 | F134: =F$97 -> 93.333333 | G134: =G$97 -> 102.66667
B135: Différence | C135: =C$134-C$133 -> 1.9082778 | D135: =D$134-D$133 -> 10.482889 | E135: =E$134-E$133 -> 17.565278 | F135: =F$134-F$133 -> 23.286333 | G135: =G$134-G$133 -> 25.653667
A152: 8. Durée moyenne de stockage
A154: Formules
B156: Durée moyenne de stockage = 365 jours/Taux de rotation des stocks
A158: Calculs - Prévisions
B160: Durée moyenne de stockage - Produits alimentaires
C161: 2016 | D161: 2017 | E161: 2018 | F161: 2019 | G161: 2020
B162: Jours/an | C162: 365 | D162: 365 | E162: 365 | F162: 365 | G162: 365
B163: Taux de rotation - Produits alimentaires | C163: =C27 -> 4.5567562 | D163: =D27 -> 16.752913 | E163: =E27 -> 27.911136 | F163: =F27 -> 36.972748 | G163: =G27 -> 40.649587
B164: Durée moyenne de stockage (en jours) - Produits alimentaires | C164: =C162/C163 -> 80.10084 | D164: =D162/D163 -> 21.787255 | E164: =E162/E163 -> 13.077217 | F164: =F162/F163 -> 9.8721361 | G164: =G162/G163 -> 8.9791811
B167: Durée moyenne de stockage - Boissons
C168: 2016 | D168: 2017 | E168: 2018 | F168: 2019 | G168: 2020
B169: Jours/an | C169: 365 | D169: 365 | E169: 365 | F169: 365 | G169: 365
B170: Taux de rotation - Produits alimentaires | C170: =C38 -> 4.4091667 | D170: =D38 -> 23.842667 | E170: =E38 -> 39.723 | F170: =F38 -> 52.619333 | G170: =G38 -> 57.852333
B171: Durée moyenne de stockage (en jours) - Boissons | C171: =C169/C170 -> 82.782083 | D171: =D169/D170 -> 15.30869 | E171: =E169/E170 -> 9.1886313 | F171: =F169/F170 -> 6.9366139 | G171: =G169/G170 -> 6.3091664
B174: Durée moyenne de stockage - Produits non alimentaires
C175: 2016 | D175: 2017 | E175: 2018 | F175: 2019 | G175: 2020
B176: Jours/an | C176: 365 | D176: 365 | E176: 365 | F176: 365 | G176: 365
B177: Taux de rotation - Produits alimentaires | C177: =C48 -> 5.8695 | D177: =D48 -> 31.739333 | E177: =E48 -> 52.879167 | F177: =F48 -> 70.047 | G177: =G48 -> 77.013
B178: Durée moyenne de stockage (en jours) - Produits non alimentaires | C178: =C176/C177 -> 62.185876 | D178: =D176/D177 -> 11.499926 | E178: =E176/E177 -> 6.9025294 | F178: =F176/F177 -> 5.210787 | G178: =G176/G177 -> 4.7394596
A196: Calculs - Réel
B198: Durée moyenne de stockage - Produits alimentaires
C199: 2016 | D199: 2017 | E199: 2018 | F199: 2019 | G199: 2020
B200: Jours/an | C200: 365 | D200: 365 | E200: 365 | F200: 365 | G200: 365
B201: Taux de rotation - Produits alimentaires | C201: =C$76 -> 44 | D201: =D$76 -> 162 | E201: =E$76 -> 270 | F201: =F$76 -> 357.8 | G201: =G$76 -> 393.4
B202: Durée moyenne de stockage (en jours) - Produits alimentaires | C202: =C$200/C$201 -> 8.2954545 | D202: =D$200/D$201 -> 2.2530864 | E202: =E$200/E$201 -> 1.3518519 | F202: =F$200/F$201 -> 1.020123 | G202: =G$200/G$201 -> 0.92780885
B205: Durée moyenne de stockage - Boissons
...

Sheet Méthode S
A2: PARTIE SOCIALE
B5: Récapitulatif :
B7: Objectif | C7: Variable d'action | D7: Indicateur
A8: 1 | B8: Rendre le supermarché accessible à un maximum de personnes | C8: Augmenter les plages horaires d'ouverture du magasin | D8: Heures d'ouverture additionnelles
A9: 2 | B9: Sensibiliser les personnes sur les problématiques liées à l'alimentation | C9: Organiser des ateliers de sensibilisation sur les habitudes alimentaires et leurs conséquences | D9: Nombre de (nouvelles) personnes présentes aux ateliers
A10: 3 | B10: Renforcer l'économie locale | C10: Créer des partenariats avec des producteurs belges | D10: Proportion du chiffre d'affaires provenant de la vente de produits de producteurs belges
A11: 4 | B11: Assurer la pérennité des relations avec les coopérateurs | C11: Vérifier que chaque coopérateur remplisse ses obligations | D11: Taux d'absentéisme aux permanences
C12: Mesurer la satisfaction des coopérateurs par rapport au projet
A13: 5 | D13: Turnover des membres
A14: 6 | B14: Assurer l'expansion du projet | C14: Augmenter le nombre d'adhérents (coopérateurs) au projet | D14: Taux de croissance des coopérateurs
A15: 7 | B15: Assurer l'adhésion des membres au modèle de gouvernance | C15: Mesurer la participation des membres aux décisions concernant les orientations de la coopérative | D15: Proportion des membres présents aux AG
B18: Méthode utilisée:
B20: Les cellules en fond orange clair devront contenir les valeurs réelles observées
A22: 1 | B22: Augmentation des heures d'ouverture | C22: Onglet "résumé" du plan financier
B24: Les valeurs trouvées pour le nombre de jours d'ouverture par semaine viennent de la rubrique du même nom
A26: 2 | B26: Ateliers de sensibilisation organisés | C26: /
A28: 3 | B28: CA provenant de produits belges | C28: /
A30: 4 | B30: Taux d'absentéisme aux permanences | C30: /
A32: 5 | B32: Turnover des coopérateurs | C32: Onglet "résumé" du plan financier
B34: Les valeurs trouvées pour le nombre total de coopérateurs viennent de la rubrique du même nom
A36: 6 | B36: Taux de croissance des coopérateurs | C36: Onglet "résumé" du plan financier
B38: Les valeurs trouvées pour le nombre total de coopérateurs viennent de la rubrique du même nom
A40: 7 | B40: Proportion des membres présents aux AG | C40: /

Sheet Vue d'ensemble S
A2: PARTIE SOCIALE
F8: =TODAY() -> 42563
D11: Tableau de bord - Partie sociale

Sheet 1 S
A2: PARTIE SOCIALE
B7: Objectif | C7: Variable d'action | D7: Indicateur
A8: 1 | B8: Rendre le supermarché accessible à un maximum de personnes | C8: Augmenter les plages horaires d'ouverture du magasin | D8: Heures d'ouverture additionnelles
A11: 1. Heures d'ouverture du magasin
A13: Formules - Hypothèses
B15: On considère que 1 jour d'ouverture = 12 heures d'ouverture (pour BEES coop)
B17: On considère que les plages horaires d'ouverture des concurrents sont les suivantes et qu'elles restent stables dans le temps:
B18: Lundi - Jeudi: 8h - 20h
B19: Vendredi: 8h - 21h
B20: Samedi: 8h - 20h
B21: Dimanche: fermé
B22: Ceci fait au total 73 heures d'ouverture par semaine
A24: Calculs - Prévisions
B26: Heures d'ouverture du magasin
C27: 2016 | D27: 2017 | E27: 2018 | F27: 2019 | G27: 2020
B28: Jours d'ouverture/semaine | C28: 4 | D28: 5 | E28: 6 | F28: 6 | G28: 6
B29: Heures d'ouverture/jour | C29: 12 | D29: 12 | E29: 12 | F29: 12 | G29: 12
B30: Heures d'ouverture par semaine (BEES) | C30: =C28*C29 -> 48 | D30: =D28*D29 -> 60 | E30: =E28*E29 -> 72 | F30: =F28*F29 -> 72 | G30: =G28*G29 -> 72
B33: Heures d'ouverture concurrent
C34: 2016 | D34: 2017 | E34: 2018 | F34: 2019 | G34: 2020
B35: Heures d'ouverture par semaine (concurrent) | C35: 73 | D35: 73 | E35: 73 | F35: 73 | G35: 73
A38: Calculs - Réel
B40: Heures d'ouverture du magasin
C41: 2016 | D41: 2017 | E41: 2018 | F41: 2019 | G41: 2020
B42: Jours d'ouverture/semaine | C42: 4 | D42: 4 | E42: 5 | F42: 5 | G42: 6
B43: Heures d'ouverture/jour | C43: 10 | D43: 10 | E43: 12 | F43: 12 | G43: 12
B44: Heures d'ouverture par semaine (BEES) | C44: =C$42*C$43 -> 40 | D44: =D$42*D$43 -> 40 | E44: =E$42*E$43 -> 60 | F44: =F$42*F$43 -> 60 | G44: =G$42*G$43 -> 72
B47: Heures d'ouverture concurrent
C48: 2016 | D48: 2017 | E48: 2018 | F48: 2019 | G48: 2020
B49: Heures d'ouverture par semaine (concurrent) | C49: 73 | D49: 73 | E49: 73 | F49: 73 | G49: 73
A52: Comparaison prévisions - réel
B54: Heures d'ouverture
C55: 2016 | D55: 2017 | E55: 2018 | F55: 2019 | G55: 2020
B56: Prévisions | C56: =C$30 -> 48 | D56: =D$30 -> 60 | E56: =E$30 -> 72 | F56: =F$30 -> 72 | G56: =G$30 -> 72
B57: Réel | C57: =C44 -> 40 | D57: =D44 -> 40 | E57: =E44 -> 60 | F57: =F44 -> 60 | G57: =G44 -> 72
B58: Concurrent | C58: =C$49 -> 73 | D58: =D$49 -> 73 | E58: =E$49 -> 73 | F58: =F$49 -> 73 | G58: =G$49 -> 73
B59: Différence BEES coop | C59: =C$57-C$56 -> -8 | D59: =D$57-D$56 -> -20 | E59: =E$57-E$56 -> -12 | F59: =F$57-F$56 -> -12 | G59: =G$57-G$56 -> 0
B60: Différence réel - concurrent | C60: =C$57-C$58 -> -33 | D60: =D$57-D$58 -> -33 | E60: =E$57-E$58 -> -13 | F60: =F$57-F$58 -> -13 | G60: =G$57-G$58 -> -1

Sheet 2+3 S
A2: PARTIE SOCIALE
B7: Objectif | C7: Variable d'action | D7: Indicateur
A8: 2 | B8: Sensibiliser les personnes sur les problématiques liées à l'alimentation | C8: Organiser des ateliers de sensibilisation sur les habitudes alimentaires et leurs conséquences | D8: Nombre de (nouvelles) personnes présentes aux ateliers
A9: 3 | B9: Renforcer l'économie locale | C9: Créer des partenariats avec des producteurs belges | D9: Proportion du chiffre d'affaires provenant de la vente de produits de producteurs belges
A12: 2. Personnes présentes aux ateliers de sensibilisation
A14: Formules
B16: Proportion de nouvelles personnes présentes aux ateliers = Nombre de nouvelles personnes présentes aux atelier/Nombre total de participants
A18: Calculs
B20: Personnes présentes aux ateliers (2016)
C21: Atelier 1 | D21: Atelier 2 | E21: Atelier 3 | F21: Atelier 4 | G21: Atelier 5 | H21: Moyenne 2016
B22: Nombre de nouvelles personnes présentes aux ateliers | C22: 20
B23: Nombre total de participants aux ateliers | C23: 20
B24: Proportion de nouvelles personnes aux ateliers | C24: =C$22/C$23 -> 1 | H24: =C24/1 -> 1
B27: Personnes présentes aux ateliers (2017)
C28: Atelier 1 | D28: Atelier 2 | E28: Atelier 3 | F28: Atelier 4 | G28: Atelier 5 | H28: Moyenne 2017
B29: Nombre de nouvelles personnes présentes aux ateliers | C29: 20 | D29: 2
B30: Nombre total de participants aux ateliers | C30: 32 | D30: 20
B31: Proportion de nouvelles personnes aux ateliers | C31: =C$29/C$30 -> 0.625 | D31: =D$29/D$30 -> 0.1 | H31: =(SUM(C31:D31))/2 -> 0.3625
B34: Personnes présentes aux ateliers (2018)
C35: Atelier 1 | D35: Atelier 2 | E35: Atelier 3 | F35: Atelier 4 | G35: Atelier 5 | H35: Moyenne 2018
B36: Nombre de nouvelles personnes présentes aux ateliers | C36: 1 | D36: 2 | E36: 5
B37: Nombre total de participants aux ateliers | C37: 20 | D37: 13 | E37: 16
B38: Proportion de nouvelles personnes aux ateliers | C38: =C$36/C$37 -> 0.05 | D38: =D$36/D$37 -> 0.15384615 | E38: =E$36/E$37 -> 0.3125 | H38: =(SUM(C38:E38))/3 -> 0.17211538
B41: Personnes présentes aux ateliers (2019)
C42: Atelier 1 | D42: Atelier 2 | E42: Atelier 3 | F42: Atelier 4 | G42: Atelier 5 | H42: Moyenne 2019
B43: Nombre de nouvelles personnes présentes aux ateliers | C43: 0 | D43: 5 | E43: 2 | F43: 1
B44: Nombre total de participants aux ateliers | C44: 20 | D44: 13 | E44: 16 | F44: 12
B45: Proportion de nouvelles personnes aux ateliers | C45: =C$43/C$44 -> 0 | D45: =D$43/D$44 -> 0.38461538 | E45: =E$43/E$44 -> 0.125 | F45: =F$43/F$44 -> 0.083333333 | H45: =(SUM(C45:F45))/4 -> 0.14823718
B48: Personnes présentes aux ateliers (2020)
C49: Atelier 1 | D49: Atelier 2 | E49: Atelier 3 | F49: Atelier 4 | G49: Atelier 5 | H49: Moyenne 2020
B50: Nombre de nouvelles personnes présentes aux ateliers | C50: 20 | D50: 2 | E50: 5 | F50: 6 | G50: 1
B51: Nombre total de participants aux ateliers | C51: 20 | D51: 13 | E51: 16 | F51: 12 | G51: 23
B52: Proportion de nouvelles personnes aux ateliers | C52: =C$50/C$51 -> 1 | D52: =D$50/D$51 -> 0.15384615 | E52: =E$50/E$51 -> 0.3125 | F52: =F$50/F$51 -> 0.5 | G52: =G$50/G$51 -> 0.043478261 | H52: =(SUM(C52:G52))/5 -> 0.40196488
B55: Personnes présentes aux ateliers/an
C56: 2016 | D56: 2017 | E56: 2018 | F56: 2019 | G56: 2020
B57: Nombre total de participants aux ateliers | C57: =SUM(C23:G23) -> 20 | D57: =SUM(C30:G30) -> 52 | E57: =SUM(C37:G37) -> 49 | F57: =SUM(C44:G44) -> 61 | G57: =SUM(C51:G51) -> 84
B58: Proportion de nouvelles personnes aux ateliers | C58: =H24 -> 1 | D58: =H31 -> 0.3625 | E58: =H38 -> 0.17211538 | F58: =H45 -> 0.14823718 | G58: =H52 -> 0.40196488
A75: 3. CA de produits belges
A77: Formules
B79: Proportion du CA provenant du produits belges = CA provenant de la vente de produits belges/CA total
A81: Calculs
B83: CA de produits belges
C84: 2016 | D84: 2017 | E84: 2018 | F84: 2019 | G84: 2020
B85: Chiffre d'affaires total | C85: 200000 | D85: 1000000 | E85: 1500000 | F85: 2000000 | G85: 2500000
B86: Chiffre d'affaires de la vente de produits belges | C86: 150000 | D86: 800000 | E86: 1000000 | F86: 1600000 | G86: 2300000
B87: Proportion du CA provenant de produits belges | C87: =C$86/C$85 -> 0.75 | D87: =D$86/D$85 -> 0.8 | E87: =E$86/E$85 -> 0.66666667 | F87: =F$86/F$85 -> 0.8 | G87: =G$86/G$85 -> 0.92

Sheet 4+5 S
A2: PARTIE SOCIALE
B7: Objectif | C7: Variable d'action | D7: Indicateur
A8: 4 | B8: Assurer la pérennité des relations avec les coopérateurs | C8: Vérifier que chaque coopérateur remplisse ses obligations | D8: Taux d'absentéisme aux permanences
C9: Mesurer la satisfaction des coopérateurs par rapport au projet
A10: 5 | D10: Turnover des membres
A13: 4. Taux d'absentéisme aux permanences
A15: Formules
B17: Taux d'absentéisme = Total des heures d'absence/Nombre total d'heures normalement prestées
B19: Pour le nombre total d'heures de travail, nous avons considéré que chaque coopérateurs travaille 3h/semaine et que le nombre de coopérateurs évolue en fonction des prévisions faites dans le plan financier
A21: Calculs
B23: Taux d'absentéisme (2016)
C24: Janvier | D24: Février | E24: Mars | F24: Avril | G24: Mai | H24: Juin | I24: Juillet | J24: Août | K24: Septembre | L24: Octobre | M24: Novembre | N24: Décembre | O24: TOTAL
B25: Nombre d'heures d'absence | C25: 15 | D25: 13 | E25: 2 | F25: 5 | G25: 7 | H25: 10 | I25: 15 | J25: 20 | K25: 5 | L25: 7 | M25: 4 | N25: 12 | O25: =SUM(C25:N25) -> 115
B26: Nombre total d'heures de travail bénévole | C26: 1500 | D26: 1500 | E26: 1500 | F26: 1500 | G26: 1500 | H26: 1500 | I26: 1500 | J26: 1500 | K26: 1500 | L26: 1500 | M26: 1500 | N26: 1500 | O26: =SUM(C26:N26) -> 18000
B27: Taux d'absentéisme | C27: =C$25/C$26 -> 0.01 | D27: =D$25/D$26 -> 0.0086666667 | E27: =E$25/E$26 -> 0.0013333333 | F27: =F$25/F$26 -> 0.0033333333 | G27: =G$25/G$26 -> 0.0046666667 | H27: =H$25/H$26 -> 0.0066666667 | I27: =I$25/I$26 -> 0.01 | J27: =J$25/J$26 -> 0.013333333 | ... N27: =N$25/N$26 -> 0.008 | O27: =O25/O26 -> 0.0063888889
B30: Taux d'absentéisme (2017)
C31: Janvier | D31: Février | E31: Mars | F31: Avril | G31: Mai | H31: Juin | I31: Juillet | J31: Août | K31: Septembre | L31: Octobre | M31: Novembre | N31: Décembre | O31: TOTAL
B32: Nombre d'heures d'absence | C32: 15 | D32: 13 | E32: 2 | F32: 5 | G32: 7 | H32: 10 | I32: 15 | J32: 20 | K32: 5 | L32: 7 | M32: 4 | N32: 12 | O32: =SUM(C32:N32) -> 115
B33: Nombre total d'heures de travail bénévole | C33: 2820 | D33: 2820 | E33: 2820 | F33: 2820 | G33: 2820 | H33: 2820 | I33: 2820 | J33: 2820 | K33: 2820 | L33: 2820 | M33: 2820 | N33: 2820 | O33: =SUM(C33:N33) -> 33840
B34: Taux d'absentéisme | C34: =C$32/C$33 -> 0.0053191489 | D34: =D$32/D$33 -> 0.0046099291 | E34: =E$32/E$33 -> 0.00070921986 | F34: =F$32/F$33 -> 0.0017730496 | G34: =G$32/G$33 -> 0.0024822695 | H34: =H$32/H$33 -> 0.0035460993 | I34: =I$32/I$33 -> 0.0053191489 | J34: =J$32/J$33 -> 0.0070921986 | ... N34: =N$32/N$33 -> 0.0042553191 | O34: =O32/O33 -> 0.0033983452
B37: Taux d'absentéisme (2018)
C38: Janvier | D38: Février | E38: Mars | F38: Avril | G38: Mai | H38: Juin | I38: Juillet | J38: Août | K38: Septembre | L38: Octobre | M38: Novembre | N38: Décembre | O38: TOTAL
B39: Nombre d'heures d'absence | C39: 15 | D39: 13 | E39: 2 | F39: 5 | G39: 7 | H39: 10 | I39: 15 | J39: 20 | K39: 5 | L39: 7 | M39: 4 | N39: 12 | O39: =SUM(C39:N39) -> 115
B40: Nombre total d'heures de travail bénévole | C40: 3780 | D40: 3780 | E40: 3780 | F40: 3780 | G40: 3780 | H40: 3780 | I40: 3780 | J40: 3780 | K40: 3780 | L40: 3780 | M40: 3780 | N40: 3780 | O40: =SUM(C40:N40) -> 45360
B41: Taux d'absentéisme | C41: =C$39/C$40 -> 0.003968254 | D41: =D$39/D$40 -> 0.0034391534 | E41: =E$39/E$40 -> 0.00052910053 | F41: =F$39/F$40 -> 0.0013227513 | G41: =G$39/G$40 -> 0.0018518519 | H41: =H$39/H$40 -> 0.0026455026 | I41: =I$39/I$40 -> 0.003968254 | J41: =J$39/J$40 -> 0.0052910053 | ... O41: =O$39/O$40 -> 0.0025352734
B44: Taux d'absentéisme (2019)
C45: Janvier | D45: Février | E45: Mars | F45: Avril | G45: Mai | H45: Juin | I45: Juillet | J45: Août | K45: Septembre | L45: Octobre | M45: Novembre | N45: Décembre | O45: TOTAL
B46: Nombre d'heures d'absence | C46: 15 | D46: 13 | E46: 2 | F46: 5 | G46: 7 | H46: 10 | I46: 15 | J46: 20 | K46: 5 | L46: 7 | M46: 4 | N46: 12 | O46: =SUM(C46:N46) -> 115
B47: Nombre total d'heures de travail bénévole | C47: 4275 | D47: 4275 | E47: 4275 | F47: 4275 | G47: 4275 | H47: 4275 | I47: 4275 | J47: 4275 | K47: 4275 | L47: 4275 | M47: 4275 | N47: 4275 | O47: =SUM(C47:N47) -> 51300
B48: Taux d'absentéisme | C48: =C$46/C$47 -> 0.0035087719 | D48: =D$46/D$47 -> 0.0030409357 | E48: =E$46/E$47 -> 0.00046783626 | F48: =F$46/F$47 -> 0.0011695906 | G48: =G$46/G$47 -> 0.0016374269 | H48: =H$46/H$47 -> 0.0023391813 | I48: =I$46/I$47 -> 0.0035087719 | J48: =J$46/J$47 -> 0.0046783626 | ... O48: =O$46/O$47 -> 0.0022417154
B51: Taux d'absentéisme (2020)
C52: Janvier | D52: Février | E52: Mars | F52: Avril | G52: Mai | H52: Juin | I52: Juillet | J52: Août | K52: Septembre | L52: Octobre | M52: Novembre | N52: Décembre | O52: TOTAL
B53: Nombre d'heures d'absence | C53: 15 | D53: 13 | E53: 2 | F53: 5 | G53: 7 | H53: 10 | I53: 15 | J53: 20 | K53: 5 | L53: 7 | M53: 4 | N53: 12 | O53: =SUM(C53:N53) -> 115
B54: Nombre total d'heures de travail bénévole | C54: 4500 | D54: 4500 | E54: 4500 | F54: 4500 | G54: 4500 | H54: 4500 | I54: 4500 | J54: 4500 | K54: 4500 | L54: 4500 | M54: 4500 | N54: 4500 | O54: =SUM(C54:N54) -> 54000
B55: Taux d'absentéisme | C55: =C$53/C$54 -> 0.0033333333 | D55: =D$53/D$54 -> 0.0028888889 | E55: =E$53/E$54 -> 0.00044444444 | F55: =F$53/F$54 -> 0.0011111111 | G55: =G$53/G$54 -> 0.0015555556 | H55: =H$53/H$54 -> 0.0022222222 | I55: =I$53/I$54 -> 0.0033333333 | J55: =J$53/J$54 -> 0.0044444444 | ... O55: =O$53/O$54 -> 0.0021296296
B58: Taux d'absentéisme/an
C59: 2016 | D59: 2017 | E59: 2018 | F59: 2019 | G59: 2020
B60: Taux d'absentéisme | C60: =O27 -> 0.0063888889 | D60: =O34 -> 0.0033983452 | E60: =O41 -> 0.0025352734 | F60: =O48 -> 0.0022417154 | G60: =O55 -> 0.0021296296
A78: 5. Turnover des membres
A80: Formules
B82: Turnover = ((Nombre d'arrivées+Nombre de départs)/2)/Nombre total de coopérateurs
A84: Calculs
B86: Turnover
C87: 2016 | D87: 2017 | E87: 2018 | F87: 2019 | G87: 2020
B88: Nombre d'arrivées | C88: 600 | D88: 450 | E88: 600 | F88: 145 | G88: 200
B89: Nombre de départs | C89: =C90-C88 -> 0 | D89: =D90-(D88+C90) -> -50 | E89: =E90-(E88+D90) -> -100 | F89: =F90-(F88+E90) -> -45 | G89: =G90-(G88+F90) -> -50
B90: Nombre total de coopérateurs | C90: 600 | D90: 1000 | E90: 1500 | F90: 1600 | G90: 1750
B91: Turnover | C91: =((C$88-C$89)/2)/C$90 -> 0.5 | D91: =((D$88-D$89)/2)/D$90 -> 0.25 | E91: =((E$88-E$89)/2)/E$90 -> 0.23333333 | F91: =((F$88-F$89)/2)/F$90 -> 0.059375 | G91: =((G$88-G$89)/2)/G$90 -> 0.071428571

Sheet 6+7 S
A2: PARTIE SOCIALE
B7: Objectif | C7: Variable d'action | D7: Indicateur
A8: 6 | B8: Assurer l'expansion du projet | C8: Augmenter le nombre d'adhérents (coopérateurs) au projet | D8: Taux de croissance des coopérateurs
A9: 7 | B9: Assurer l'adhésion des membres au modèle de gouvernance | C9: Mesurer la participation des membres aux décisions concernant les orientations de la coopérative | D9: Proportion des membres présents aux AG
A12: 6. Taux de croissance des coopérateurs
A14: Formules
B16: Taux de croissance = (Nombre de coopérateurs en N - Nombre de coopérateurs en N-1)/Nombre de coopérateurs en N
A18: Calculs - Prévisions
B20: Taux de croissance
C21: 2016 | D21: 2017 | E21: 2018 | F21: 2019 | G21: 2020
B22: Nombre de coopérateurs | C22: 500 | D22: 940 | E22: 1260 | F22: 1425 | G22: 1500
B23: Taux de croissance | C23: =(C22-0)/C22 -> 1 | D23: =(D22-C22)/D22 -> 0.46808511 | E23: =(E22-D22)/E22 -> 0.25396825 | F23: =(F22-E22)/F22 -> 0.11578947 | G23: =(G22-F22)/G22 -> 0.05
A42: Calculs - Réel
B44: Taux de croissance
C45: 2016 | D45: 2017 | E45: 2018 | F45: 2019 | G45: 2020
B46: Nombre de coopérateurs | C46: 600 | D46: 1000 | E46: 1500 | F46: 1600 | G46: 1750
B47: Taux de croissance | C47: =(C46-0)/C46 -> 1 | D47: =(D46-C46)/D46 -> 0.4 | E47: =(E46-D46)/E46 -> 0.33333333 | F47: =(F46-E46)/F46 -> 0.0625 | G47: =(G46-F46)/G46 -> 0.085714286
A66: Comparaison prévisions - réel
B68: Nombre de coopérateurs
C69: 2016 | D69: 2017 | E69: 2018 | F69: 2019 | G69: 2020
B70: Prévisions | C70: =C$22 -> 500 | D70: =D$22 -> 940 | E70: =E$22 -> 1260 | F70: =F$22 -> 1425 | G70: =G$22 -> 1500
B71: Réel | C71: =C$46 -> 600 | D71: =D$46 -> 1000 | E71: =E$46 -> 1500 | F71: =F$46 -> 1600 | G71: =G$46 -> 1750
B72: Différence | C72: =C$71-C$70 -> 100 | D72: =D$71-D$70 -> 60 | E72: =E$71-E$70 -> 240 | F72: =F$71-F$70 -> 175 | G72: =G$71-G$70 -> 250
B75: Taux de croissance
C76: 2016 | D76: 2017 | E76: 2018 | F76: 2019 | G76: 2020
B77: Prévisions | C77: =C$23 -> 1 | D77: =D$23 -> 0.46808511 | E77: =E$23 -> 0.25396825 | F77: =F$23 -> 0.11578947 | G77: =G$23 -> 0.05
B78: Réel | C78: =C$47 -> 1 | D78: =D$47 -> 0.4 | E78: =E$47 -> 0.33333333 | F78: =F$47 -> 0.0625 | G78: =G$47 -> 0.085714286
B79: Différence | C79: =C$78-C$77 -> 0 | D79: =D$78-D$77 -> -0.068085106 | E79: =E$78-E$77 -> 0.079365079 | F79: =F$78-F$77 -> -0.053289474 | G79: =G$78-G$77 -> 0.035714286
A98: 7. Proportion des membres présents aux AG
A100: Formules
B102: Proportion des membres présents aux AG = Nombre de membres présents aux AG/Nombre total de membres
A104: Calculs
B106: Membres présents aux AG (2016)
C107: AG ordin. 1 | D107: AG ordin. 2 | E107: AG ordin. 3 | F107: AG extra. 1 | G107: Moyenne 2016
B108: Nombre de membres présents aux AG | C108: 450 | D108: 500 | E108: 300 | F108: 200
B109: Nombre total de membres | C109: 700 | D109: 700 | E109: 700 | F109: 700
B110: Proportion des membres présents aux AG | C110: =C$108/C$109 -> 0.64285714 | D110: =D$108/D$109 -> 0.71428571 | E110: =E$108/E$109 -> 0.42857143 | F110: =F$108/F$109 -> 0.28571429 | G110: =(SUM(C110:F110))/4 -> 0.51785714
B113: Membres présents aux AG (2017)
C114: AG ordin. 1 | D114: AG ordin. 2 | E114: AG ordin. 3 | F114: AG extra. 1 | G114: Moyenne 2017
B115: Nombre de membres présents aux AG | C115: 850 | D115: 950 | E115: 600 | F115: 400
B116: Nombre total de membres | C116: 1000 | D116: 1000 | E116: 1000 | F116: 1000
B117: Proportion des membres présents aux AG | C117: =C$115/C$116 -> 0.85 | D117: =D$115/D$116 -> 0.95 | E117: =E$115/E$116 -> 0.6 | F117: =F$115/F$116 -> 0.4 | G117: =(SUM(C117:F117))/4 -> 0.7
B120: Membres présents aux AG (2018)
C121: AG ordin. 1 | D121: AG ordin. 2 | E121: AG ordin. 3 | F121: AG extra. 1 | G121: Moyenne 2018
B122: Nombre de membres présents aux AG | C122: 1000 | D122: 900 | E122: / | F122: /
B123: Nombre total de membres | C123: 1200 | D123: 1200 | E123: 1200 | F123: 1200
B124: Proportion des membres présents aux AG | C124: =C$122/C$123 -> 0.83333333 | D124: =D$122/D$123 -> 0.75 | G124: =(SUM(C124:D124))/2 -> 0.79166667
B127: Membres présents aux AG (2019)
C128: AG ordin. 1 | D128: AG ordin. 2 | E128: AG ordin. 3 | F128: AG extra. 1 | G128: Moyenne 2019
B129: Nombre de membres présents aux AG | C129: 1500 | D129: 1640 | E129: / | F129: 1000
B130: Nombre total de membres | C130: 1800 | D130: 1800 | E130: 1800 | F130: 1800
B131: Proportion des membres présents aux AG | C131: =C$129/C$130 -> 0.83333333 | D131: =D$129/D$130 -> 0.91111111 | F131: =F$129/F$130 -> 0.55555556 | G131: =(SUM(F131,C131:D131))/3 -> 0.76666667
B134: Membres présents aux AG (2020)
C135: AG ordin. 1 | D135: AG ordin. 2 | E135: AG ordin. 3 | F135: AG extra. 1 | G135: Moyenne 2020
B136: Nombre de membres présents aux AG | C136: 1400 | D136: 1800 | E136: 1760 | F136: /
B137: Nombre total de membres | C137: 2000 | D137: 2000 | E137: 2000 | F137: 2000
B138: Proportion des membres présents aux AG | C138: =C$136/C$137 -> 0.7 | D138: =D$136/D$137 -> 0.9 | E138: =E$136/E$137 -> 0.88 | G138: =(SUM(C138:E138))/3 -> 0.82666667
B141: Membres présents aux AG/an
C142: Moyenne 2016 | D142: Moyenne 2017 | E142: Moyenne 2018 | F142: Moyenne 2019 | G142: Moyenne 2020
B143: Proportion des membres présents aux AG | C143: =G110 -> 0.51785714 | D143: =G117 -> 0.7 | E143: =G124 -> 0.79166667 | F143: =G131 -> 0.76666667 | G143: =G138 -> 0.82666667

Sheet Méthode E
A2: PARTIE ENVIRONNEMENTALE
B5: Récapitulatif :
B7: Objectif | C7: Variable d'action | D7: Indicateur
A8: 1 | B8: Promouvoir une alimentation et des produits durables | C8: Donner la priorité aux produits biologiques | D8: Quantité de produits bio vendus/ Quantité totale de produits alimentaires vendus
A9: 2 | C9: Donner la priorité aux produits locaux | D9: Quantité de produits locaux vendus/ Quantité totale de produits vendus
A10: 3 | C10: Donner la priorité aux produits locaux provenant de l'agriculture biologique | D10: Quantité de produits locaux et bio vendus/ Quantité totale de produits alimentaires vendus
A11: 4 | C11: Donner la priorité aux produits fair trade | D11: Quantité de produits fair trade vendus/ Quantité totale de produits alimentaires vendus
A12: 5 | C12: Donner la priorité aux produits écologiques | D12: Quantité de produits écologiques vendus/ Quantité totale de produits non alimentaires vendus
A13: 6 | C13: Promouvoir la vente en vrac | D13: Quantité de produits vendus en vrac/ Quantité totale de produits alimentaires vendus
A14: 7 | B14: Avoir une démarche respectueuse de l'environnement | C14: Garder stable ou diminuer la consommation d'électricité | D14: Consommation d'électricité
A15: 8 | C15: Garder stable ou diminuer la consommation d'eau | D15: Consommation d'eau
A16: 9 | C16: Se fournir un maximum en énergie provenant de ressources renouvelables | D16: Consommation énergétique provenant de ressources renouvelables/ Consommation énergétique totale
A17: 10 | C17: Trier un maximum les déchets | D17: Quantité de sacs poubelle non triés/ Quantité totale de sacs poubelle
B20: Méthode utilisée: | C20: /
B22: Les cellules en fond orange clair devront contenir les valeurs réelles observées

Sheet Vue d'ensemble E
A2: PARTIE ENVIRONNEMENTALE
F8: =TODAY() -> 42563
D11: Tableau de bord - Partie environnementale

Sheet 1+2+3 E
A2: PARTIE ENVIRONNEMENTALE
B7: Objectif | C7: Variable d'action | D7: Indicateur
A8: 1 | B8: Promouvoir une alimentation et des produits durables | C8: Donner la priorité aux produits biologiques | D8: Quantité de produits bio vendus/ Quantité totale de produits alimentaires vendus
A9: 2 | C9: Donner la priorité aux produits locaux | D9: Quantité de produits locaux vendus/ Quantité totale de produits vendus
A10: 3 | C10: Donner la priorité aux produits locaux provenant de l'agriculture biologique | D10: Quantité de produits locaux et bio vendus/ Quantité totale de produits alimentaires vendus
A13: 1. Quantité de produits bio vendus
A15: Formules
B17: Proportion de produits bio vendus = Quantité de produits bio vendus/Quantité totale de produits alimentaires vendus
A19: Calculs
B21: Produits bio (2016)
C22: Janvier | D22: Février | E22: Mars | F22: Avril | G22: Mai | H22: Juin | I22: Juillet | J22: Août | K22: Septembre | L22: Octobre | M22: Novembre | N22: Décembre | O22: TOTAL
B23: Quantité de produits bio vendus | C23: 3000 | D23: 3000 | E23: 3000 | F23: 3000 | G23: 3000 | H23: 3000 | I23: 3000 | J23: 3000 | K23: 3000 | L23: 3000 | M23: 3000 | N23: 3000 | O23: =SUM(C23:N23) -> 36000
B24: Quantité totale de produits alimentaires vendus | C24: 8684 | D24: 8684 | E24: 8684 | F24: 8684 | G24: 8684 | H24: 8684 | I24: 8684 | J24: 8684 | K24: 8684 | L24: 8684 | M24: 8684 | N24: 8684 | O24: =SUM(C24:N24) -> 104208
B25: Proportion de produits bio vendus | C25: =C$23/C$24 -> 0.34546292 | D25: =D$23/D$24 -> 0.34546292 | E25: =E$23/E$24 -> 0.34546292 | F25: =F$23/F$24 -> 0.34546292 | G25: =G$23/G$24 -> 0.34546292 | H25: =H$23/H$24 -> 0.34546292 | I25: =I$23/I$24 -> 0.34546292 | J25: =J$23/J$24 -> 0.34546292 | ... N25: =N$23/N$24 -> 0.34546292 | O25: =O23/O24 -> 0.34546292
B28: Produits bio (2017)
C29: Janvier | D29: Février | E29: Mars | F29: Avril | G29: Mai | H29: Juin | I29: Juillet | J29: Août | K29: Septembre | L29: Octobre | M29: Novembre | N29: Décembre | O29: TOTAL
B30: Quantité de produits bio vendus | C30: 12000 | D30: 12000 | E30: 12000 | F30: 12000 | G30: 12000 | H30: 12000 | I30: 12000 | J30: 12000 | K30: 12000 | L30: 12000 | M30: 12000 | N30: 12000 | O30: =SUM(C30:N30) -> 144000
B31: Quantité totale de produits alimentaires vendus | C31: 30208 | D31: 30208 | E31: 30208 | F31: 30208 | G31: 30208 | H31: 30208 | I31: 30208 | J31: 30208 | K31: 30208 | L31: 30208 | M31: 30208 | N31: 30208 | O31: =SUM(C31:N31) -> 362496
B32: Proportion de produits bio vendus | C32: =C$30/C$31 -> 0.39724576 | D32: =D30/D31 -> 0.39724576 | E32: =E$30/E$31 -> 0.39724576 | F32: =F$30/F$31 -> 0.39724576 | G32: =G$30/G$31 -> 0.39724576 | H32: =H$30/H$31 -> 0.39724576 | I32: =I$30/I$31 -> 0.39724576 | J32: =J$30/J$31 -> 0.39724576 | K32: =K$30/K$31 -> 0.39724576 | L32: =L$30/L$31 -> 0.39724576 | ... O32: =O$30/O$31 -> 0.39724576
B35: Produits bio (2018)
C36: Janvier | D36: Février | E36: Mars | F36: Avril | G36: Mai | H36: Juin | I36: Juillet | J36: Août | K36: Septembre | L36: Octobre | M36: Novembre | N36: Décembre | O36: TOTAL
B37: Quantité de produits bio vendus | C37: 20000 | D37: 20000 | E37: 20000 | F37: 20000 | G37: 20000 | H37: 20000 | I37: 20000 | J37: 20000 | K37: 20000 | L37: 20000 | M37: 20000 | N37: 20000 | O37: =SUM(C37:N37) -> 240000
B38: Quantité totale de produits alimentaires vendus | C38: 44120 | D38: 44120 | E38: 44120 | F38: 44120 | G38: 44120 | H38: 44120 | I38: 44120 | J38: 44120 | K38: 44120 | L38: 44120 | M38: 44120 | N38: 44120 | O38: =SUM(C38:N38) -> 529440
B39: Proportion de produits bio vendus | C39: =C$37/C$38 -> 0.45330916 | D39: =D$37/D$38 -> 0.45330916 | E39: =E$37/E$38 -> 0.45330916 | F39: =F$37/F$38 -> 0.45330916 | G39: =G$37/G$38 -> 0.45330916 | H39: =H$37/H$38 -> 0.45330916 | I39: =I$37/I$38 -> 0.45330916 | J39: =J$37/J$38 -> 0.45330916 | ... O39: =O$37/O$38 -> 0.45330916
B42: Produits bio (2019)
C43: Janvier | D43: Février | E43: Mars | F43: Avril | G43: Mai | H43: Juin | I43: Juillet | J43: Août | K43: Septembre | L43: Octobre | M43: Novembre | N43: Décembre | O43: TOTAL
B44: Quantité de produits bio vendus | C44: 47000 | D44: 47000 | E44: 47000 | F44: 47000 | G44: 47000 | H44: 47000 | I44: 47000 | J44: 47000 | K44: 47000 | L44: 47000 | M44: 47000 | N44: 47000 | O44: =SUM(C44:N44) -> 564000
B45: Quantité totale de produits alimentaires vendus | C45: 58500 | D45: 58500 | E45: 58500 | F45: 58500 | G45: 58500 | H45: 58500 | I45: 58500 | J45: 58500 | K45: 58500 | L45: 58500 | M45: 58500 | N45: 58500 | O45: =SUM(C45:N45) -> 702000
B46: Proportion de produits bio vendus | C46: =C$44/C$45 -> 0.8034188 | D46: =D$44/D$45 -> 0.8034188 | E46: =E$44/E$45 -> 0.8034188 | F46: =F$44/F$45 -> 0.8034188 | G46: =G$44/G$45 -> 0.8034188 | H46: =H$44/H$45 -> 0.8034188 | I46: =I$44/I$45 -> 0.8034188 | J46: =J$44/J$45 -> 0.8034188 | ... O46: =O$44/O$45 -> 0.8034188
B49: Produits bio (2020)
C50: Janvier | D50: Février | E50: Mars | F50: Avril | G50: Mai | H50: Juin | I50: Juillet | J50: Août | K50: Septembre | L50: Octobre | M50: Novembre | N50: Décembre | O50: TOTAL
B51: Quantité de produits bio vendus | C51: 51000 | D51: 51000 | E51: 51000 | F51: 51000 | G51: 51000 | H51: 51000 | I51: 51000 | J51: 51000 | K51: 51000 | L51: 51000 | M51: 51000 | N51: 51000 | O51: =SUM(C51:N51) -> 612000
B52: Quantité totale de produits alimentaires vendus | C52: 64300 | D52: 64300 | E52: 64300 | F52: 64300 | G52: 64300 | H52: 64300 | I52: 64300 | J52: 64300 | K52: 64300 | L52: 64300 | M52: 64300 | N52: 64300 | O52: =SUM(C52:N52) -> 771600
B53: Proportion de produits bio vendus | C53: =C$51/C$52 -> 0.79315708 | D53: =D$51/D$52 -> 0.79315708 | E53: =E$51/E$52 -> 0.79315708 | F53: =F$51/F$52 -> 0.79315708 | G53: =G$51/G$52 -> 0.79315708 | H53: =H$51/H$52 -> 0.79315708 | I53: =I$51/I$52 -> 0.79315708 | J53: =J$51/J$52 -> 0.79315708 | ... O53: =O$51/O$52 -> 0.79315708
B56: Produits bio/an
C57: 2016 | D57: 2017 | E57: 2018 | F57: 2019 | G57: 2020
B58: Quantité de produits bio vendus | C58: =O23 -> 36000 | D58: =O30 -> 144000 | E58: =O37 -> 240000 | F58: =O44 -> 564000 | G58: =O51 -> 612000
B59: Quantité totale de produits alimentaires vendus | C59: =O24 -> 104208 | D59: =O31 -> 362496 | E59: =O38 -> 529440 | F59: =O45 -> 702000 | G59: =O52 -> 771600
B60: Proportion de produits bio vendus | C60: =O25 -> 0.34546292 | D60: =O32 -> 0.39724576 | E60: =O39 -> 0.45330916 | F60: =O46 -> 0.8034188 | G60: =O53 -> 0.79315708
A77: 2. Quantité de produits locaux vendus
A79: Formules
B81: Proportion de produits locaux vendus = Quantité de produits locaux vendus/Quantité totale de produits vendus
A83: Calculs
B85: Produits locaux (2016)
C86: Janvier | D86: Février | E86: Mars | F86: Avril | G86: Mai | H86: Juin | I86: Juillet | J86: Août | K86: Septembre | L86: Octobre | M86: Novembre | N86: Décembre | O86: TOTAL
B87: Quantité de produits locaux vendus | C87: 5000 | D87: 5000 | E87: 5000 | F87: 5000 | G87: 5000 | H87: 5000 | I87: 5000 | J87: 5000 | K87: 5000 | L87: 5000 | M87: 5000 | N87: 5000 | O87: =SUM(C87:N87) -> 60000
B88: Quantité totale de produits vendus | C88: 11290 | D88: 11290 | E88: 11290 | F88: 11290 | G88: 11290 | H88: 11290 | I88: 11290 | J88: 11290 | K88: 11290 | L88: 11290 | M88: 11290 | N88: 11290 | O88: =SUM(C88:N88) -> 135480
B89: Proportion de produits locaux vendus | C89: =C$87/C$88 -> 0.4428698 | D89: =D$87/D$88 -> 0.4428698 | E89: =E$87/E$88 -> 0.4428698 | F89: =F$87/F$88 -> 0.4428698 | G89: =G$87/G$88 -> 0.4428698 | H89: =H$87/H$88 -> 0.4428698 | I89: =I$87/I$88 -> 0.4428698 | J89: =J$87/J$88 -> 0.4428698 | ... O89: =O$87/O$88 -> 0.4428698
B92: Produits locaux (2017)
C93: Janvier | D93: Février | E93: Mars | F93: Avril | G93: Mai | H93: Juin | I93: Juillet | J93: Août | K93: Septembre | L93: Octobre | M93: Novembre | N93: Décembre | O93: TOTAL
B94: Quantité de produits locaux vendus | C94: 16000 | D94: 16000 | E94: 16000 | F94: 16000 | G94: 16000 | H94: 16000 | I94: 16000 | J94: 16000 | K94: 16000 | L94: 16000 | M94: 16000 | N94: 16000 | O94: =SUM(C94:N94) -> 192000
B95: Quantité totale de produits vendus | C95: 39300 | D95: 39300 | E95: 39300 | F95: 39300 | G95: 39300 | H95: 39300 | I95: 39300 | J95: 39300 | K95: 39300 | L95: 39300 | M95: 39300 | N95: 39300 | O95: =SUM(C95:N95) -> 471600
B96: Proportion de produits locaux vendus | C96: =C$94/C$95 -> 0.40712468 | D96: =D$94/D$95 -> 0.40712468 | E96: =E$94/E$95 -> 0.40712468 | F96: =F$94/F$95 -> 0.40712468 | G96: =G$94/G$95 -> 0.40712468 | H96: =H$94/H$95 -> 0.40712468 | I96: =I$94/I$95 -> 0.40712468 | J96: =J$94/J$95 -> 0.40712468 | ... O96: =O$94/O$95 -> 0.40712468
B99: Produits locaux (2018)
C100: Janvier | D100: Février | E100: Mars | F100: Avril | G100: Mai | H100: Juin | I100: Juillet | J100: Août | K100: Septembre | L100: Octobre | M100: Novembre | N100: Décembre | O100: TOTAL
B101: Quantité de produits locaux vendus | C101: 43000 | D101: 43000 | E101: 43000 | F101: 43000 | G101: 43000 | H101: 43000 | I101: 43000 | J101: 43000 | K101: 43000 | L101: 43000 | M101: 43000 | N101: 43000 | O101: =SUM(C101:N101) -> 516000
B102: Quantité totale de produits vendus | C102: 57500 | D102: 57500 | E102: 57500 | F102: 57500 | G102: 57500 | H102: 57500 | I102: 57500 | J102: 57500 | K102: 57500 | L102: 57500 | M102: 57500 | N102: 57500 | O102: =SUM(C102:N102) -> 690000
B103: Proportion de produits locaux vendus | C103: =C$101/C$102 -> 0.74782609 | D103: =D$101/D$102 -> 0.74782609 | E103: =E$101/E$102 -> 0.74782609 | F103: =F$101/F$102 -> 0.74782609 | G103: =G$101/G$102 -> 0.74782609 | H103: =H$101/H$102 -> 0.74782609 | I103: =I$101/I$102 -> 0.74782609 | J103: =J$101/J$102 -> 0.74782609 | ... O103: =O$101/O$102 -> 0.74782609
B106: Produits locaux (2019)
C107: Janvier | D107: Février | E107: Mars | F107: Avril | G107: Mai | H107: Juin | I107: Juillet | J107: Août | K107: Septembre | L107: Octobre | M107: Novembre | N107: Décembre | O107: TOTAL
B108: Quantité de produits locaux vendus | C108: 50000 | D108: 50000 | E108: 50000 | F108: 50000 | G108: 50000 | H108: 50000 | I108: 50000 | J108: 50000 | K108: 50000 | L108: 50000 | M108: 50000 | N108: 50000 | O108: =SUM(C108:N108) -> 600000
B109: Quantité totale de produits vendus | C109: 76000 | D109: 76000 | E109: 76000 | F109: 76000 | G109: 76000 | H109: 76000 | I109: 76000 | J109: 76000 | K109: 76000 | L109: 76000 | M109: 76000 | N109: 76000 | O109: =SUM(C109:N109) -> 912000
B110: Proportion de produits locaux vendus | C110: =C$108/C$109 -> 0.65789474 | D110: =D$108/D$109 -> 0.65789474 | E110: =E$108/E$109 -> 0.65789474 | F110: =F$108/F$109 -> 0.65789474 | G110: =G$108/G$109 -> 0.65789474 | H110: =H$108/H$109 -> 0.65789474 | I110: =I$108/I$109 -> 0.65789474 | J110: =J$108/J$109 -> 0.65789474 | ... O110: =O$108/O$109 -> 0.65789474
B113: Produits locaux (2020)
C114: Janvier | D114: Février | E114: Mars | F114: Avril | G114: Mai | H114: Juin | I114: Juillet | J114: Août | K114: Septembre | L114: Octobre | M114: Novembre | N114: Décembre | O114: TOTAL
B115: Quantité de produits locaux vendus | C115: 68000 | D115: 68000 | E115: 68000 | F115: 68000 | G115: 68000 | H115: 68000 | I115: 68000 | J115: 68000 | K115: 68000 | L115: 68000 | M115: 68000 | N115: 68000 | O115: =SUM(C115:N115) -> 816000
B116: Quantité totale de produits vendus | C116: 83500 | D116: 83500 | E116: 83500 | F116: 83500 | G116: 83500 | H116: 83500 | I116: 83500 | J116: 83500 | K116: 83500 | L116: 83500 | M116: 83500 | N116: 83500 | O116: =SUM(C116:N116) -> 1002000
B117: Proportion de produits locaux vendus | C117: =C$115/C$116 -> 0.81437126 | D117: =D$115/D$116 -> 0.81437126 | E117: =E$115/E$116 -> 0.81437126 | F117: =F$115/F$116 -> 0.81437126 | G117: =G$115/G$116 -> 0.81437126 | H117: =H$115/H$116 -> 0.81437126 | I117: =I$115/I$116 -> 0.81437126 | J117: =J$115/J$116 -> 0.81437126 | ... O117: =O$115/O$116 -> 0.81437126
B120: Produits locaux/an
C121: 2016 | D121: 2017 | E121: 2018 | F121: 2019 | G121: 2020
B122: Quantité de produits locaux vendus | C122: =$O87 -> 60000 | D122: =$O94 -> 192000 | E122: =$O101 -> 516000 | F122: =$O108 -> 600000 | G122: =$O115 -> 816000
B123: Quantité totale de produits vendus | C123: =$O88 -> 135480 | D123: =$O95 -> 471600 | E123: =$O102 -> 690000 | F123: =$O109 -> 912000 | G123: =$O116 -> 1002000
B124: Proportion de produits locaux vendus | C124: =$O89 -> 0.4428698 | D124: =$O96 -> 0.40712468 | E124: =$O103 -> 0.74782609 | F124: =$O110 -> 0.65789474 | G124: =$O117 -> 0.81437126
A140: 3. Quantité de produits locaux et bio vendus
A142: Formules
B144: Proportion de produits locaux et bio vendus = Quantité de produits locaux et bio vendus/Quantité totale de produits alimentaires vendus
A146: Calculs
B148: Produits locaux et bio (2016)
C149: Janvier | D149: Février | E149: Mars | F149: Avril | G149: Mai | H149: Juin | I149: Juillet | J149: Août | K149: Septembre | L149: Octobre | M149: Novembre | N149: Décembre | O149: TOTAL
B150: Quantité de produits locaux et bio vendus | C150: 4600 | D150: 4600 | E150: 4600 | F150: 4600 | G150: 4600 | H150: 4600 | I150: 4600 | J150: 4600 | K150: 4600 | L150: 4600 | M150: 4600 | N150: 4600 | O150: =SUM(C150:N150) -> 55200
B151: Quantité totale de produits alimentaires vendus | C151: =C$24 -> 8684 | D151: =D$24 -> 8684 | E151: =E$24 -> 8684 | F151: =F$24 -> 8684 | G151: =G$24 -> 8684 | H151: =H$24 -> 8684 | I151: =I$24 -> 8684 | J151: =J$24 -> 8684 | ... N151: =N$24 -> 8684 | O151: =SUM(C151:N151) -> 104208
B152: Proportion de produits locaux et bio vendus | C152: =C$150/C$151 -> 0.52970981 | D152: =D$150/D$151 -> 0.52970981 | E152: =E$150/E$151 -> 0.52970981 | F152: =F$150/F$151 -> 0.52970981 | G152: =G$150/G$151 -> 0.52970981 | H152: =H$150/H$151 -> 0.52970981 | I152: =I$150/I$151 -> 0.52970981 | J152: =J$150/J$151 -> 0.52970981 | ... O152: =O$150/O$151 -> 0.52970981
B155: Produits locaux et bio (2017)
C156: Janvier | D156: Février | E156: Mars | F156: Avril | G156: Mai | H156: Juin | I156: Juillet | J156: Août | K156: Septembre | L156: Octobre | M156: Novembre | N156: Décembre | O156: TOTAL
B157: Quantité de produits locaux et bio vendus | C157: 11000 | D157: 11000 | E157: 11000 | F157: 11000 | G157: 11000 | H157: 11000 | I157: 11000 | J157: 11000 | K157: 11000 | L157: 11000 | M157: 11000 | N157: 11000 | O157: =SUM(C157:N157) -> 132000
B158: Quantité totale de produits alimentaires vendus | C158: =C$31 -> 30208 | D158: =D$31 -> 30208 | E158: =E$31 -> 30208 | F158: =F$31 -> 30208 | G158: =G$31 -> 30208 | H158: =H$31 -> 30208 | I158: =I$31 -> 30208 | J158: =J$31 -> 30208 | ... N158: =N$31 -> 30208 | O158: =SUM(C158:N158) -> 362496
B159: Proportion de produits locaux et bio vendus | C159: =C$157/C$158 -> 0.36414195 | D159: =D$157/D$158 -> 0.36414195 | E159: =E$157/E$158 -> 0.36414195 | F159: =F$157/F$158 -> 0.36414195 | G159: =G$157/G$158 -> 0.36414195 | H159: =H$157/H$158 -> 0.36414195 | I159: =I$157/I$158 -> 0.36414195 | J159: =J$157/J$158 -> 0.36414195 | ... O159: =O$157/O$158 -> 0.36414195
B162: Produits locaux et bio (2018)
C163: Janvier | D163: Février | E163: Mars | F163: Avril | G163: Mai | H163: Juin | I163: Juillet | J163: Août | K163: Septembre | L163: Octobre | M163: Novembre | N163: Décembre | O163: TOTAL
B164: Quantité de produits locaux et bio vendus | C164: 20000 | D164: 20000 | E164: 20000 | F164: 20000 | G164: 20000 | H164: 20000 | I164: 20000 | J164: 20000 | K164: 20000 | L164: 20000 | M164: 20000 | N164: 20000 | O164: =SUM(C164:N164) -> 240000
B165: Quantité totale de produits alimentaires vendus | C165: =C$38 -> 44120 | D165: =D$38 -> 44120 | E165: =E$38 -> 44120 | F165: =F$38 -> 44120 | G165: =G$38 -> 44120 | H165: =H$38 -> 44120 | I165: =I$38 -> 44120 | J165: =J$38 -> 44120 | ... N165: =N$38 -> 44120 | O165: =SUM(C165:N165) -> 529440
B166: Proportion de produits locaux et bio vendus | C166: =C$164/C$165 -> 0.45330916 | D166: =D$164/D$165 -> 0.45330916 | E166: =E$164/E$165 -> 0.45330916 | F166: =F$164/F$165 -> 0.45330916 | G166: =G$164/G$165 -> 0.45330916 | H166: =H$164/H$165 -> 0.45330916 | I166: =I$164/I$165 -> 0.45330916 | J166: =J$164/J$165 -> 0.45330916 | ... O166: =O$164/O$165 -> 0.45330916
B169: Produits locaux et bio (2019)
C170: Janvier | D170: Février | E170: Mars | F170: Avril | G170: Mai | H170: Juin | I170: Juillet | J170: Août | K170: Septembre | L170: Octobre | M170: Novembre | N170: Décembre | O170: TOTAL
B171: Quantité de produits locaux et bio vendus | C171: 30000 | D171: 30000 | E171: 30000 | F171: 30000 | G171: 30000 | H171: 30000 | I171: 30000 | J171: 30000 | K171: 30000 | L171: 30000 | M171: 30000 | N171: 30000 | O171: =SUM(C171:N171) -> 360000
B172: Quantité totale de produits alimentaires vendus | C172: =C$45 -> 58500 | D172: =D$45 -> 58500 | E172: =E$45 -> 58500 | F172: =F$45 -> 58500 | G172: =G$45 -> 58500 | H172: =H$45 -> 58500 | I172: =I$45 -> 58500 | J172: =J$45 -> 58500 | ... N172: =N$45 -> 58500 | O172: =SUM(C172:N172) -> 702000
B173: Proportion de produits locaux et bio vendus | C173: =C$171/C$172 -> 0.51282051 | D173: =D$171/D$172 -> 0.51282051 | E173: =E$171/E$172 -> 0.51282051 | F173: =F$171/F$172 -> 0.51282051 | G173: =G$171/G$172 -> 0.51282051 | H173: =H$171/H$172 -> 0.51282051 | I173: =I$171/I$172 -> 0.51282051 | J173: =J$171/J$172 -> 0.51282051 | ... O173: =O$171/O$172 -> 0.51282051
B176: Produits locaux et bio (2020)
C177: Janvier | D177: Février | E177: Mars | F177: Avril | G177: Mai | H177: Juin | I177: Juillet | J177: Août | K177: Septembre | L177: Octobre | M177: Novembre | N177: Décembre | O177: TOTAL
B178: Quantité de produits locaux et bio vendus | C178: 33000 | D178: 33000 | E178: 33000 | F178: 33000 | G178: 33000 | H178: 33000 | I178: 33000 | J178: 33000 | K178: 33000 | L178: 33000 | M178: 33000 | N178: 33000 | O178: =SUM(C178:N178) -> 396000
...

Sheet 4+5+6 E
A2: PARTIE ENVIRONNEMENTALE
B7: Objectif | C7: Variable d'action | D7: Indicateur
A8: 4 | B8: Promouvoir une alimentation et des produits durables | C8: Donner la priorité aux produits fair trade | D8: Quantité de produits fair trade vendus/ Quantité totale de produits alimentaires vendus
A9: 5 | C9: Donner la priorité aux produits écologiques | D9: Quantité de produits écologiques vendus/ Quantité totale de produits non alimentaires vendus
A10: 6 | C10: Promouvoir la vente en vrac | D10: Quantité de produits vendus en vrac/ Quantité totale de produits alimentaires vendus
A13: 4. Quantité de produits fair trade vendus
A15: Formules
B17: Proportion de produits fair trade vendus = Quantité de produits fair trade vendus/Quantité totale de produits alimentaires vendus
A19: Calculs
B21: Produits fair trade (2016)
C22: Janvier | D22: Février | E22: Mars | F22: Avril | G22: Mai | H22: Juin | I22: Juillet | J22: Août | K22: Septembre | L22: Octobre | M22: Novembre | N22: Décembre | O22: TOTAL
B23: Quantité de produits fair trade vendus | C23: 2000 | D23: 2000 | E23: 2000 | F23: 2000 | G23: 2000 | H23: 2000 | I23: 2000 | J23: 2000 | K23: 2000 | L23: 2000 | M23: 2000 | N23: 2000 | O23: =SUM(C23:N23) -> 24000
B24: Quantité totale de produits alimentaires vendus | C24: ='1+2+3 E'!C$24 -> 8684 | D24: ='1+2+3 E'!D$24 -> 8684 | E24: ='1+2+3 E'!E$24 -> 8684 | F24: ='1+2+3 E'!F$24 -> 8684 | G24: ='1+2+3 E'!G$24 -> 8684 | H24: ='1+2+3 E'!H$24 -> 8684 | I24: ='1+2+3 E'!I$24 -> 8684 | J24: ='1+2+3 E'!J$24 -> 8684 | ... N24: ='1+2+3 E'!N$24 -> 8684 | O24: =SUM(C24:N24) -> 104208
B25: Proportion de produits fair trade vendus | C25: =C$23/C$24 -> 0.23030861 | D25: =D$23/D$24 -> 0.23030861 | E25: =E$23/E$24 -> 0.23030861 | F25: =F$23/F$24 -> 0.23030861 | G25: =G$23/G$24 -> 0.23030861 | H25: =H$23/H$24 -> 0.23030861 | I25: =I$23/I$24 -> 0.23030861 | J25: =J$23/J$24 -> 0.23030861 | ... O25: =O$23/O$24 -> 0.23030861
B28: Produits fair trade (2017)
C29: Janvier | D29: Février | E29: Mars | F29: Avril | G29: Mai | H29: Juin | I29: Juillet | J29: Août | K29: Septembre | L29: Octobre | M29: Novembre | N29: Décembre | O29: TOTAL
B30: Quantité de produits fair trade vendus | C30: 2500 | D30: 2500 | E30: 2500 | F30: 2500 | G30: 2500 | H30: 2500 | I30: 2500 | J30: 2500 | K30: 2500 | L30: 2500 | M30: 2500 | N30: 2500 | O30: =SUM(C30:N30) -> 30000
B31: Quantité totale de produits alimentaires vendus | C31: ='1+2+3 E'!C$31 -> 30208 | D31: ='1+2+3 E'!D$31 -> 30208 | E31: ='1+2+3 E'!E$31 -> 30208 | F31: ='1+2+3 E'!F$31 -> 30208 | G31: ='1+2+3 E'!G$31 -> 30208 | H31: ='1+2+3 E'!H$31 -> 30208 | I31: ='1+2+3 E'!I$31 -> 30208 | J31: ='1+2+3 E'!J$31 -> 30208 | ... N31: ='1+2+3 E'!N$31 -> 30208 | O31: =SUM(C31:N31) -> 362496
B32: Proportion de produits fair trade vendus | C32: =C$30/C$31 -> 0.082759534 | D32: =D$30/D$31 -> 0.082759534 | E32: =E$30/E$31 -> 0.082759534 | F32: =F$30/F$31 -> 0.082759534 | G32: =G$30/G$31 -> 0.082759534 | H32: =H$30/H$31 -> 0.082759534 | I32: =I$30/I$31 -> 0.082759534 | J32: =J$30/J$31 -> 0.082759534 | ... O32: =O$30/O$31 -> 0.082759534
B35: Produits fair trade (2018)
C36: Janvier | D36: Février | E36: Mars | F36: Avril | G36: Mai | H36: Juin | I36: Juillet | J36: Août | K36: Septembre | L36: Octobre | M36: Novembre | N36: Décembre | O36: TOTAL
B37: Quantité de produits fair trade vendus | C37: 4000 | D37: 4000 | E37: 4000 | F37: 4000 | G37: 4000 | H37: 4000 | I37: 4000 | J37: 4000 | K37: 4000 | L37: 4000 | M37: 4000 | N37: 4000 | O37: =SUM(C37:N37) -> 48000
B38: Quantité totale de produits alimentaires vendus | C38: ='1+2+3 E'!C$38 -> 44120 | D38: ='1+2+3 E'!D$38 -> 44120 | E38: ='1+2+3 E'!E$38 -> 44120 | F38: ='1+2+3 E'!F$38 -> 44120 | G38: ='1+2+3 E'!G$38 -> 44120 | H38: ='1+2+3 E'!H$38 -> 44120 | I38: ='1+2+3 E'!I$38 -> 44120 | J38: ='1+2+3 E'!J$38 -> 44120 | ... N38: ='1+2+3 E'!N$38 -> 44120 | O38: =SUM(C38:N38) -> 529440
B39: Proportion de produits fair trade vendus | C39: =C$37/C$38 -> 0.090661831 | D39: =D$37/D$38 -> 0.090661831 | E39: =E$37/E$38 -> 0.090661831 | F39: =F$37/F$38 -> 0.090661831 | G39: =G$37/G$38 -> 0.090661831 | H39: =H$37/H$38 -> 0.090661831 | I39: =I$37/I$38 -> 0.090661831 | J39: =J$37/J$38 -> 0.090661831 | ... O39: =O$37/O$38 -> 0.090661831
B42: Produits fair trade (2019)
C43: Janvier | D43: Février | E43: Mars | F43: Avril | G43: Mai | H43: Juin | I43: Juillet | J43: Août | K43: Septembre | L43: Octobre | M43: Novembre | N43: Décembre | O43: TOTAL
B44: Quantité de produits fair trade vendus | C44: 7000 | D44: 7000 | E44: 7000 | F44: 7000 | G44: 7000 | H44: 7000 | I44: 7000 | J44: 7000 | K44: 7000 | L44: 7000 | M44: 7000 | N44: 7000 | O44: =SUM(C44:N44) -> 84000
B45: Quantité totale de produits alimentaires vendus | C45: ='1+2+3 E'!C$45 -> 58500 | D45: ='1+2+3 E'!D$45 -> 58500 | E45: ='1+2+3 E'!E$45 -> 58500 | F45: ='1+2+3 E'!F$45 -> 58500 | G45: ='1+2+3 E'!G$45 -> 58500 | H45: ='1+2+3 E'!H$45 -> 58500 | I45: ='1+2+3 E'!I$45 -> 58500 | J45: ='1+2+3 E'!J$45 -> 58500 | ... N45: ='1+2+3 E'!N$45 -> 58500 | O45: =SUM(C45:N45) -> 702000
B46: Proportion de produits fair trade vendus | C46: =C$44/C$45 -> 0.11965812 | D46: =D$44/D$45 -> 0.11965812 | E46: =E$44/E$45 -> 0.11965812 | F46: =F$44/F$45 -> 0.11965812 | G46: =G$44/G$45 -> 0.11965812 | H46: =H$44/H$45 -> 0.11965812 | I46: =I$44/I$45 -> 0.11965812 | J46: =J$44/J$45 -> 0.11965812 | ... O46: =O$44/O$45 -> 0.11965812
B49: Produits fair trade (2020)
C50: Janvier | D50: Février | E50: Mars | F50: Avril | G50: Mai | H50: Juin | I50: Juillet | J50: Août | K50: Septembre | L50: Octobre | M50: Novembre | N50: Décembre | O50: TOTAL
B51: Quantité de produits fair trade vendus | C51: 12000 | D51: 12000 | E51: 12000 | F51: 12000 | G51: 12000 | H51: 12000 | I51: 12000 | J51: 12000 | K51: 12000 | L51: 12000 | M51: 12000 | N51: 12000 | O51: =SUM(C51:N51) -> 144000
B52: Quantité totale de produits alimentaires vendus | C52: ='1+2+3 E'!C$52 -> 64300 | D52: ='1+2+3 E'!D$52 -> 64300 | E52: ='1+2+3 E'!E$52 -> 64300 | F52: ='1+2+3 E'!F$52 -> 64300 | G52: ='1+2+3 E'!G$52 -> 64300 | H52: ='1+2+3 E'!H$52 -> 64300 | I52: ='1+2+3 E'!I$52 -> 64300 | J52: ='1+2+3 E'!J$52 -> 64300 | ... N52: ='1+2+3 E'!N$52 -> 64300 | O52: =SUM(C52:N52) -> 771600
B53: Proportion de produits fair trade vendus | C53: =C$51/C$52 -> 0.18662519 | D53: =D$51/D$52 -> 0.18662519 | E53: =E$51/E$52 -> 0.18662519 | F53: =F$51/F$52 -> 0.18662519 | G53: =G$51/G$52 -> 0.18662519 | H53: =H$51/H$52 -> 0.18662519 | I53: =I$51/I$52 -> 0.18662519 | J53: =J$51/J$52 -> 0.18662519 | ... O53: =O$51/O$52 -> 0.18662519
B56: Produits fair trade/an
C57: 2016 | D57: 2017 | E57: 2018 | F57: 2019 | G57: 2020
B58: Quantité de produits fair trade vendus | C58: =O23 -> 24000 | D58: =O30 -> 30000 | E58: =O37 -> 48000 | F58: =O44 -> 84000 | G58: =O51 -> 144000
B59: Quantité totale de produits alimentaires vendus | C59: =O24 -> 104208 | D59: =O31 -> 362496 | E59: =O38 -> 529440 | F59: =O45 -> 702000 | G59: =O52 -> 771600
B60: Proportion de produits fair trade vendus | C60: =O25 -> 0.23030861 | D60: =O32 -> 0.082759534 | E60: =O39 -> 0.090661831 | F60: =O46 -> 0.11965812 | G60: =O53 -> 0.18662519
A77: 5. Quantité de produits écologiques vendus
A79: Formules
B81: Proportion de produits écologiques vendus = Quantité de produits écologiques vendus/Quantité totale de produits non alimentaires vendus
A83: Calculs
B85: Produits écologiques (2016)
C86: Janvier | D86: Février | E86: Mars | F86: Avril | G86: Mai | H86: Juin | I86: Juillet | J86: Août | K86: Septembre | L86: Octobre | M86: Novembre | N86: Décembre | O86: TOTAL
B87: Quantité de produits écologiques vendus | C87: 150 | D87: 150 | E87: 150 | F87: 150 | G87: 150 | H87: 150 | I87: 150 | J87: 150 | K87: 150 | L87: 150 | M87: 150 | N87: 150 | O87: =SUM(C87:N87) -> 1800
B88: Quantité totale de produits non alimentaires vendus | C88: 833 | D88: 833 | E88: 833 | F88: 833 | G88: 833 | H88: 833 | I88: 833 | J88: 833 | K88: 833 | L88: 833 | M88: 833 | N88: 833 | O88: =SUM(C88:N88) -> 9996
B89: Proportion de produits écologiques | C89: =C$87/C$88 -> 0.18007203 | D89: =D$87/D$88 -> 0.18007203 | E89: =E$87/E$88 -> 0.18007203 | F89: =F$87/F$88 -> 0.18007203 | G89: =G$87/G$88 -> 0.18007203 | H89: =H$87/H$88 -> 0.18007203 | I89: =I$87/I$88 -> 0.18007203 | J89: =J$87/J$88 -> 0.18007203 | ... O89: =O$87/O$88 -> 0.18007203
B92: Produits écologiques (2017)
C93: Janvier | D93: Février | E93: Mars | F93: Avril | G93: Mai | H93: Juin | I93: Juillet | J93: Août | K93: Septembre | L93: Octobre | M93: Novembre | N93: Décembre | O93: TOTAL
B94: Quantité de produits écologiques vendus | C94: 1000 | D94: 1000 | E94: 1000 | F94: 1000 | G94: 1000 | H94: 1000 | I94: 1000 | J94: 1000 | K94: 1000 | L94: 1000 | M94: 1000 | N94: 1000 | O94: =SUM(C94:N94) -> 12000
B95: Quantité totale de produits non alimentaires vendus | C95: 3000 | D95: 3000 | E95: 3000 | F95: 3000 | G95: 3000 | H95: 3000 | I95: 3000 | J95: 3000 | K95: 3000 | L95: 3000 | M95: 3000 | N95: 3000 | O95: =SUM(C95:N95) -> 36000
B96: Proportion de produits écologiques | C96: =C$94/C$95 -> 0.33333333 | D96: =D$94/D$95 -> 0.33333333 | E96: =E$94/E$95 -> 0.33333333 | F96: =F$94/F$95 -> 0.33333333 | G96: =G$94/G$95 -> 0.33333333 | H96: =H$94/H$95 -> 0.33333333 | I96: =I$94/I$95 -> 0.33333333 | J96: =J$94/J$95 -> 0.33333333 | ... O96: =O$94/O$95 -> 0.33333333
B99: Produits écologiques (2018)
C100: Janvier | D100: Février | E100: Mars | F100: Avril | G100: Mai | H100: Juin | I100: Juillet | J100: Août | K100: Septembre | L100: Octobre | M100: Novembre | N100: Décembre | O100: TOTAL
B101: Quantité de produits écologiques vendus | C101: 1300 | D101: 1300 | E101: 1300 | F101: 1300 | G101: 1300 | H101: 1300 | I101: 1300 | J101: 1300 | K101: 1300 | L101: 1300 | M101: 1300 | N101: 1300 | O101: =SUM(C101:N101) -> 15600
B102: Quantité totale de produits non alimentaires vendus | C102: 4500 | D102: 4500 | E102: 4500 | F102: 4500 | G102: 4500 | H102: 4500 | I102: 4500 | J102: 4500 | K102: 4500 | L102: 4500 | M102: 4500 | N102: 4500 | O102: =SUM(C102:N102) -> 54000
B103: Proportion de produits écologiques | C103: =C$101/C$102 -> 0.28888889 | D103: =D$101/D$102 -> 0.28888889 | E103: =E$101/E$102 -> 0.28888889 | F103: =F$101/F$102 -> 0.28888889 | G103: =G$101/G$102 -> 0.28888889 | H103: =H$101/H$102 -> 0.28888889 | I103: =I$101/I$102 -> 0.28888889 | J103: =J$101/J$102 -> 0.28888889 | ... O103: =O$101/O$102 -> 0.28888889
B106: Produits écologiques (2019)
C107: Janvier | D107: Février | E107: Mars | F107: Avril | G107: Mai | H107: Juin | I107: Juillet | J107: Août | K107: Septembre | L107: Octobre | M107: Novembre | N107: Décembre | O107: TOTAL
B108: Quantité de produits écologiques vendus | C108: 2600 | D108: 2600 | E108: 2600 | F108: 2600 | G108: 2600 | H108: 2600 | I108: 2600 | J108: 2600 | K108: 2600 | L108: 2600 | M108: 2600 | N108: 2600 | O108: =SUM(C108:N108) -> 31200
B109: Quantité totale de produits non alimentaires vendus | C109: 5900 | D109: 5900 | E109: 5900 | F109: 5900 | G109: 5900 | H109: 5900 | I109: 5900 | J109: 5900 | K109: 5900 | L109: 5900 | M109: 5900 | N109: 5900 | O109: =SUM(C109:N109) -> 70800
B110: Proportion de produits écologiques | C110: =C$108/C$109 -> 0.44067797 | D110: =D$108/D$109 -> 0.44067797 | E110: =E$108/E$109 -> 0.44067797 | F110: =F$108/F$109 -> 0.44067797 | G110: =G$108/G$109 -> 0.44067797 | H110: =H$108/H$109 -> 0.44067797 | I110: =I$108/I$109 -> 0.44067797 | J110: =J$108/J$109 -> 0.44067797 | ... O110: =O$108/O$109 -> 0.44067797
B113: Produits écologiques (2020)
C114: Janvier | D114: Février | E114: Mars | F114: Avril | G114: Mai | H114: Juin | I114: Juillet | J114: Août | K114: Septembre | L114: Octobre | M114: Novembre | N114: Décembre | O114: TOTAL
B115: Quantité de produits écologiques vendus | C115: 4000 | D115: 4000 | E115: 4000 | F115: 4000 | G115: 4000 | H115: 4000 | I115: 4000 | J115: 4000 | K115: 4000 | L115: 4000 | M115: 4000 | N115: 4000 | O115: =SUM(C115:N115) -> 48000
B116: Quantité totale de produits non alimentaires vendus | C116: 6500 | D116: 6500 | E116: 6500 | F116: 6500 | G116: 6500 | H116: 6500 | I116: 6500 | J116: 6500 | K116: 6500 | L116: 6500 | M116: 6500 | N116: 6500 | O116: =SUM(C116:N116) -> 78000
B117: Proportion de produits écologiques | C117: =C$115/C$116 -> 0.61538462 | D117: =D$115/D$116 -> 0.61538462 | E117: =E$115/E$116 -> 0.61538462 | F117: =F$115/F$116 -> 0.61538462 | G117: =G$115/G$116 -> 0.61538462 | H117: =H$115/H$116 -> 0.61538462 | I117: =I$115/I$116 -> 0.61538462 | J117: =J$115/J$116 -> 0.61538462 | ... O117: =O$115/O$116 -> 0.61538462
B120: Produits écologiques/an
C121: 2016 | D121: 2017 | E121: 2018 | F121: 2019 | G121: 2020
B122: Quantité de produits écologiques vendus | C122: =O87 -> 1800 | D122: =O94 -> 12000 | E122: =O101 -> 15600 | F122: =O108 -> 31200 | G122: =O115 -> 48000
B123: Quantité totale de produits non alimentaires vendus | C123: =O88 -> 9996 | D123: =O95 -> 36000 | E123: =O102 -> 54000 | F123: =O109 -> 70800 | G123: =O116 -> 78000
B124: Proportion de produits écologiques vendus | C124: =O89 -> 0.18007203 | D124: =O96 -> 0.33333333 | E124: =O103 -> 0.28888889 | F124: =O110 -> 0.44067797 | G124: =O117 -> 0.61538462
A141: 6. Quantité de produits vendus en vrac
A143: Formules
B145: Proportion de produits vendus en vrac = Quantité de produits vendus en vrac/Quantité totale de produits alimentaires vendus
A147: Calculs
B149: Produits en vrac (2016)
C150: Janvier | D150: Février | E150: Mars | F150: Avril | G150: Mai | H150: Juin | I150: Juillet | J150: Août | K150: Septembre | L150: Octobre | M150: Novembre | N150: Décembre | O150: TOTAL
B151: Quantité de produits vendus en vrac | C151: 1300 | D151: 1300 | E151: 1300 | F151: 1300 | G151: 1300 | H151: 1300 | I151: 1300 | J151: 1300 | K151: 1300 | L151: 1300 | M151: 1300 | N151: 1300 | O151: =SUM(C151:N151) -> 15600
B152: Quantité totale de produits alimentaires vendus | C152: =C$24 -> 8684 | D152: =D$24 -> 8684 | E152: =E$24 -> 8684 | F152: =F$24 -> 8684 | G152: =G$24 -> 8684 | H152: =H$24 -> 8684 | I152: =I$24 -> 8684 | J152: =J$24 -> 8684 | ... N152: =N$24 -> 8684 | O152: =SUM(C152:N152) -> 104208
B153: Proportion de produits vendus en vrac | C153: =C$151/C$152 -> 0.1497006 | D153: =D$151/D$152 -> 0.1497006 | E153: =E$151/E$152 -> 0.1497006 | F153: =F$151/F$152 -> 0.1497006 | G153: =G$151/G$152 -> 0.1497006 | H153: =H$151/H$152 -> 0.1497006 | I153: =I$151/I$152 -> 0.1497006 | J153: =J$151/J$152 -> 0.1497006 | ... O153: =O$151/O$152 -> 0.1497006
B156: Produits en vrac (2017)
C157: Janvier | D157: Février | E157: Mars | F157: Avril | G157: Mai | H157: Juin | I157: Juillet | J157: Août | K157: Septembre | L157: Octobre | M157: Novembre | N157: Décembre | O157: TOTAL
B158: Quantité de produits vendus en vrac | C158: 3200 | D158: 3200 | E158: 3200 | F158: 3200 | G158: 3200 | H158: 3200 | I158: 3200 | J158: 3200 | K158: 3200 | L158: 3200 | M158: 3200 | N158: 3200 | O158: =SUM(C158:N158) -> 38400
B159: Quantité totale de produits alimentaires vendus | C159: =C$31 -> 30208 | D159: =D$31 -> 30208 | E159: =E$31 -> 30208 | F159: =F$31 -> 30208 | G159: =G$31 -> 30208 | H159: =H$31 -> 30208 | I159: =I$31 -> 30208 | J159: =J$31 -> 30208 | ... N159: =N$31 -> 30208 | O159: =SUM(C159:N159) -> 362496
B160: Proportion de produits vendus en vrac | C160: =C$158/C$159 -> 0.1059322 | D160: =D$158/D$159 -> 0.1059322 | E160: =E$158/E$159 -> 0.1059322 | F160: =F$158/F$159 -> 0.1059322 | G160: =G$158/G$159 -> 0.1059322 | H160: =H$158/H$159 -> 0.1059322 | I160: =I$158/I$159 -> 0.1059322 | J160: =J$158/J$159 -> 0.1059322 | ... O160: =O$158/O$159 -> 0.1059322
B163: Produits en vrac (2018)
C164: Janvier | D164: Février | E164: Mars | F164: Avril | G164: Mai | H164: Juin | I164: Juillet | J164: Août | K164: Septembre | L164: Octobre | M164: Novembre | N164: Décembre | O164: TOTAL
B165: Quantité de produits vendus en vrac | C165: 13000 | D165: 13000 | E165: 13000 | F165: 13000 | G165: 13000 | H165: 13000 | I165: 13000 | J165: 13000 | K165: 13000 | L165: 13000 | M165: 13000 | N165: 13000 | O165: =SUM(C165:N165) -> 156000
B166: Quantité totale de produits alimentaires vendus | C166: =C$38 -> 44120 | D166: =D$38 -> 44120 | E166: =E$38 -> 44120 | F166: =F$38 -> 44120 | G166: =G$38 -> 44120 | H166: =H$38 -> 44120 | I166: =I$38 -> 44120 | J166: =J$38 -> 44120 | ... N166: =N$38 -> 44120 | O166: =SUM(C166:N166) -> 529440
B167: Proportion de produits vendus en vrac | C167: =C$165/C$166 -> 0.29465095 | D167: =D$165/D$166 -> 0.29465095 | E167: =E$165/E$166 -> 0.29465095 | F167: =F$165/F$166 -> 0.29465095 | G167: =G$165/G$166 -> 0.29465095 | H167: =H$165/H$166 -> 0.29465095 | I167: =I$165/I$166 -> 0.29465095 | J167: =J$165/J$166 -> 0.29465095 | ... O167: =O$165/O$166 -> 0.29465095
B170: Produits en vrac (2019)
C171: Janvier | D171: Février | E171: Mars | F171: Avril | G171: Mai | H171: Juin | I171: Juillet | J171: Août | K171: Septembre | L171: Octobre | M171: Novembre | N171: Décembre | O171: TOTAL
B172: Quantité de produits vendus en vrac | C172: 22000 | D172: 22000 | E172: 22000 | F172: 22000 | G172: 22000 | H172: 22000 | I172: 22000 | J172: 22000 | K172: 22000 | L172: 22000 | M172: 22000 | N172: 22000 | O172: =SUM(C172:N172) -> 264000
B173: Quantité totale de produits alimentaires vendus | C173: =C$45 -> 58500 | D173: =D$45 -> 58500 | E173: =E$45 -> 58500 | F173: =F$45 -> 58500 | G173: =G$45 -> 58500 | H173: =H$45 -> 58500 | I173: =I$45 -> 58500 | J173: =J$45 -> 58500 | ... N173: =N$45 -> 58500 | O173: =SUM(C173:N173) -> 702000
B174: Proportion de produits vendus en vrac | C174: =C$172/C$173 -> 0.37606838 | D174: =D$172/D$173 -> 0.37606838 | E174: =E$172/E$173 -> 0.37606838 | F174: =F$172/F$173 -> 0.37606838 | G174: =G$172/G$173 -> 0.37606838 | H174: =H$172/H$173 -> 0.37606838 | I174: =I$172/I$173 -> 0.37606838 | J174: =J$172/J$173 -> 0.37606838 | ... O174: =O$172/O$173 -> 0.37606838
B177: Produits en vrac (2020)
C178: Janvier | D178: Février | E178: Mars | F178: Avril | G178: Mai | H178: Juin | I178: Juillet | J178: Août | K178: Septembre | L178: Octobre | M178: Novembre | N178: Décembre | O178: TOTAL
B179: Quantité de produits vendus en vrac | C179: 28000 | D179: 28000 | E179: 28000 | F179: 28000 | G179: 28000 | H179: 28000 | I179: 28000 | J179: 28000 | K179: 28000 | L179: 28000 | M179: 28000 | N179: 28000 | O179: =SUM(C179:N179) -> 336000
...

Sheet 7+8 E
A2: PARTIE ENVIRONNEMENTALE
A7: 7 | B7: Avoir une démarche respectueuse de l'environnement | C7: Garder stable ou diminuer la consommation d'électricité | D7: Consommation d'électricité
A8: 8 | C8: Garder stable ou diminuer la consommation d'eau | D8: Consommation d'eau
A11: 7. Consommation d'électricité
A13: Calculs
B15: Consommation d'électricité (2016)
C16: Janvier-Février-Mars | D16: Avril-Mai-Juin | E16: Juillet-Août-Septembre | F16: Octobre-Novembre-Décembre | G16: TOTAL
B17: Consommation d'électricité (kWh) | C17: 38300 | D17: 30000 | E17: 25000 | F17: 34000 | G17: =SUM(C17:F17) -> 127300
B20: Consommation d'électricité (2017)
C21: Janvier-Février-Mars | D21: Avril-Mai-Juin | E21: Juillet-Août-Septembre | F21: Octobre-Novembre-Décembre | G21: TOTAL
B22: Consommation d'électricité (kWh) | C22: 36600 | D22: 29300 | E22: 22000 | F22: 33700 | G22: =SUM(C22:F22) -> 121600
B25: Consommation d'électricité (2018)
C26: Janvier-Février-Mars | D26: Avril-Mai-Juin | E26: Juillet-Août-Septembre | F26: Octobre-Novembre-Décembre | G26: TOTAL
B27: Consommation d'électricité (kWh) | C27: 39200 | D27: 32100 | E27: 26400 | F27: 35000 | G27: =SUM(C27:F27) -> 132700
B30: Consommation d'électricité (2019)
C31: Janvier-Février-Mars | D31: Avril-Mai-Juin | E31: Juillet-Août-Septembre | F31: Octobre-Novembre-Décembre | G31: TOTAL
B32: Consommation d'électricité (kWh) | C32: 35600 | D32: 29300 | E32: 22800 | F32: 31000 | G32: =SUM(C32:F32) -> 118700
B35: Consommation d'électricité (2020)
C36: Janvier-Février-Mars | D36: Avril-Mai-Juin | E36: Juillet-Août-Septembre | F36: Octobre-Novembre-Décembre | G36: TOTAL
B37: Consommation d'électricité (kWh) | C37: 35000 | D37: 29000 | E37: 22000 | F37: 30000 | G37: =SUM(C37:F37) -> 116000
B40: Consommation d'électricité/an
C41: 2016 | D41: 2017 | E41: 2018 | F41: 2019 | G41: 2020
B42: Consommation d'électricité (kWh) | C42: =G17 -> 127300 | D42: =G22 -> 121600 | E42: =G27 -> 132700 | F42: =G32 -> 118700 | G42: =G37 -> 116000
A60: 8. Consommation d'eau
A62: Calculs
B64: Consommation d'eau (2016)
C65: Janvier-Février-Mars | D65: Avril-Mai-Juin | E65: Juillet-Août-Septembre | F65: Octobre-Novembre-Décembre | G65: TOTAL
B66: Consommation d'eau (L) | C66: 151 | D66: 160 | E66: 180 | F66: 173 | G66: =SUM(C66:F66) -> 664
B69: Consommation d'eau (2017)
C70: Janvier-Février-Mars | D70: Avril-Mai-Juin | E70: Juillet-Août-Septembre | F70: Octobre-Novembre-Décembre | G70: TOTAL
B71: Consommation d'eau (L) | C71: 178 | D71: 184 | E71: 230 | F71: 193 | G71: =SUM(C71:F71) -> 785
B74: Consommation d'eau (2018)
C75: Janvier-Février-Mars | D75: Avril-Mai-Juin | E75: Juillet-Août-Septembre | F75: Octobre-Novembre-Décembre | G75: TOTAL
B76: Consommation d'eau (L) | C76: 347 | D76: 529 | E76: 617 | F76: 528 | G76: =SUM(C76:F76) -> 2021
B79: Consommation d'eau (2019)
C80: Janvier-Février-Mars | D80: Avril-Mai-Juin | E80: Juillet-Août-Septembre | F80: Octobre-Novembre-Décembre | G80: TOTAL
B81: Consommation d'eau (L) | C81: 469 | D81: 629 | E81: 735 | F81: 604 | G81: =SUM(C81:F81) -> 2437
B84: Consommation d'eau (2020)
C85: Janvier-Février-Mars | D85: Avril-Mai-Juin | E85: Juillet-Août-Septembre | F85: Octobre-Novembre-Décembre | G85: TOTAL
B86: Consommation d'eau (L) | C86: 708 | D86: 895 | E86: 943 | F86: 813 | G86: =SUM(C86:F86) -> 3359
B89: Consommation d'eau/an
C90: 2016 | D90: 2017 | E90: 2018 | F90: 2019 | G90: 2020
B91: Consommation d'eau (L) | C91: =G66 -> 664 | D91: =G71 -> 785 | E91: =G76 -> 2021 | F91: =G81 -> 2437 | G91: =G86 -> 3359

Sheet 9+10 E
A2: PARTIE ENVIRONNEMENTALE
A7: 9 | B7: Avoir une démarche respectueuse de l'environnement | C7: Se fournir un maximum en énergie provenant de ressources renouvelables | D7: Consommation énergétique provenant de ressources renouvelables/ Consommation énergétique totale
A8: 10 | C8: Trier un maximum les déchets | D8: Quantité de sacs poubelle non triés/ Quantité totale de sacs poubelle
A11: 9. Consommation énergétique provenant de ressources renouvelables
A13: Formules
B15: Proportion de consommation énergétique provenant de ressources renouvelables = Quantité de consommation énergétique provenant de ressources
B16: renouvelables/Consommation énergétique totale
A18: Calculs
B20: Ressources renouvelables (2016)
C21: Janvier-Février-Mars | D21: Avril-Mai-Juin | E21: Juillet-Août-Septembre | F21: Octobre-Novembre-Décembre | G21: TOTAL
B22: Energie provenant de ressources renouvelables (kWh) | C22: 0 | D22: 0 | E22: 0 | F22: 0 | G22: =SUM(C22:F22) -> 0
B23: Consommation énergétique totale (kWh) | C23: 38300 | D23: 30000 | E23: 25000 | F23: 34000 | G23: =SUM(C23:F23) -> 127300
B24: Proportion provenant de ressources renouvelables (kWh) | C24: =C$22/C$23 -> 0 | D24: =D$22/D$23 -> 0 | E24: =E$22/E$23 -> 0 | F24: =F$22/F$23 -> 0 | G24: =G$22/G$23 -> 0
B27: Ressources renouvelables (2017)
C28: Janvier-Février-Mars | D28: Avril-Mai-Juin | E28: Juillet-Août-Septembre | F28: Octobre-Novembre-Décembre | G28: TOTAL
B29: Energie provenant de ressources renouvelables (kWh) | C29: 13000 | D29: 14000 | E29: 15000 | F29: 16000 | G29: =SUM(C29:F29) -> 58000
B30: Consommation énergétique totale (kWh) | C30: 36600 | D30: 29300 | E30: 22000 | F30: 33700 | G30: =SUM(C30:F30) -> 121600
B31: Proportion provenant de ressources renouvelables (kWh) | C31: =C$29/C$30 -> 0.35519126 | D31: =D$29/D$30 -> 0.4778157 | E31: =E$29/E$30 -> 0.68181818 | F31: =F$29/F$30 -> 0.47477745 | G31: =G$29/G$30 -> 0.47697368
B34: Ressources renouvelables (2018)
C35: Janvier-Février-Mars | D35: Avril-Mai-Juin | E35: Juillet-Août-Septembre | F35: Octobre-Novembre-Décembre | G35: TOTAL
B36: Energie provenant de ressources renouvelables (kWh) | C36: 30000 | D36: 30000 | E36: 20000 | F36: 32000 | G36: =SUM(C36:F36) -> 112000
B37: Consommation énergétique totale (kWh) | C37: 39200 | D37: 32100 | E37: 26400 | F37: 35000 | G37: =SUM(C37:F37) -> 132700
B38: Proportion provenant de ressources renouvelables (kWh) | C38: =C$36/C$37 -> 0.76530612 | D38: =D$36/D$37 -> 0.93457944 | E38: =E$36/E$37 -> 0.75757576 | F38: =F$36/F$37 -> 0.91428571 | G38: =G$36/G$37 -> 0.84400904
B41: Ressources renouvelables (2019)
C42: Janvier-Février-Mars | D42: Avril-Mai-Juin | E42: Juillet-Août-Septembre | F42: Octobre-Novembre-Décembre | G42: TOTAL
B43: Energie provenant de ressources renouvelables (kWh) | C43: 30000 | D43: 29000 | E43: 20000 | F43: 30000 | G43: =SUM(C43:F43) -> 109000
B44: Consommation énergétique totale (kWh) | C44: 35600 | D44: 29300 | E44: 22800 | F44: 31000 | G44: =SUM(C44:F44) -> 118700
B45: Proportion provenant de ressources renouvelables (kWh) | C45: =C$43/C$44 -> 0.84269663 | D45: =D$43/D$44 -> 0.98976109 | E45: =E$43/E$44 -> 0.87719298 | F45: =F$43/F$44 -> 0.96774194 | G45: =G$43/G$44 -> 0.91828138
B48: Ressources renouvelables (2020)
C49: Janvier-Février-Mars | D49: Avril-Mai-Juin | E49: Juillet-Août-Septembre | F49: Octobre-Novembre-Décembre | G49: TOTAL
B50: Energie provenant de ressources renouvelables (kWh) | C50: 35000 | D50: 29000 | E50: 22000 | F50: 30000 | G50: =SUM(C50:F50) -> 116000
B51: Consommation énergétique totale (kWh) | C51: 35000 | D51: 29000 | E51: 22000 | F51: 30000 | G51: =SUM(C51:F51) -> 116000
B52: Proportion provenant de ressources renouvelables (kWh) | C52: =C$50/C$51 -> 1 | D52: =D$50/D$51 -> 1 | E52: =E$50/E$51 -> 1 | F52: =F$50/F$51 -> 1 | G52: =G$50/G$51 -> 1
B55: Energie renouvelable/an
C56: 2016 | D56: 2017 | E56: 2018 | F56: 2019 | G56: 2020
B57: Energie provenant de ressources renouvelables | C57: =G22 -> 0 | D57: =G29 -> 58000 | E57: =G36 -> 112000 | F57: =G43 -> 109000 | G57: =G50 -> 116000
B58: Proportion d'énergie provenant de ressources renouvelables | C58: =G24 -> 0 | D58: =G31 -> 0.47697368 | E58: =G38 -> 0.84400904 | F58: =G45 -> 0.91828138 | G58: =G52 -> 1
A75: 10. Tri des déchets
A77: Formules
B79: Proportion de sacs poubelle non triés = Quantité de sacs poubelle non triés/Quantité totale de sacs poubelle
A81: Calculs
B83: Tri des déchets (2016)
C84: Janvier-Février-Mars | D84: Avril-Mai-Juin | E84: Juillet-Août-Septembre | F84: Octobre-Novembre-Décembre | G84: TOTAL
B85: Nombre de sacs poubelle non triés | C85: 70 | D85: 65 | E85: 68 | F85: 90 | G85: =SUM(C85:F85) -> 293
B86: Nombre total de sacs poubelle | C86: 145 | D86: 136 | E86: 140 | F86: 203 | G86: =SUM(C86:F86) -> 624
B87: Proportion de sacs poubelle non triés | C87: =C$85/C$86 -> 0.48275862 | D87: =D$85/D$86 -> 0.47794118 | E87: =E$85/E$86 -> 0.48571429 | F87: =F$85/F$86 -> 0.44334975 | G87: =G$85/G$86 -> 0.46955128
B90: Tri des déchets (2017)
C91: Janvier-Février-Mars | D91: Avril-Mai-Juin | E91: Juillet-Août-Septembre | F91: Octobre-Novembre-Décembre | G91: TOTAL
B92: Nombre de sacs poubelle non triés | C92: 93 | D92: 80 | E92: 74 | F92: 95 | G92: =SUM(C92:F92) -> 342
B93: Nombre total de sacs poubelle | C93: 167 | D93: 159 | E93: 193 | F93: 237 | G93: =SUM(C93:F93) -> 756
B94: Proportion de sacs poubelle non triés | C94: =C$92/C$93 -> 0.55688623 | D94: =D$92/D$93 -> 0.50314465 | E94: =E$92/E$93 -> 0.38341969 | F94: =F$92/F$93 -> 0.40084388 | G94: =G$92/G$93 -> 0.45238095
B97: Tri des déchets (2018)
C98: Janvier-Février-Mars | D98: Avril-Mai-Juin | E98: Juillet-Août-Septembre | F98: Octobre-Novembre-Décembre | G98: TOTAL
B99: Nombre de sacs poubelle non triés | C99: 102 | D99: 83 | E99: 80 | F99: 109 | G99: =SUM(C99:F99) -> 374
B100: Nombre total de sacs poubelle | C100: 184 | D100: 179 | E100: 200 | F100: 245 | G100: =SUM(C100:F100) -> 808
B101: Proportion de sacs poubelle non triés | C101: =C$99/C$100 -> 0.55434783 | D101: =D$99/D$100 -> 0.46368715 | E101: =E$99/E$100 -> 0.4 | F101: =F$99/F$100 -> 0.44489796 | G101: =G$99/G$100 -> 0.46287129
B104: Tri des déchets (2019)
C105: Janvier-Février-Mars | D105: Avril-Mai-Juin | E105: Juillet-Août-Septembre | F105: Octobre-Novembre-Décembre | G105: TOTAL
B106: Nombre de sacs poubelle non triés | C106: 153 | D106: 107 | E106: 137 | F106: 142 | G106: =SUM(C106:F106) -> 539
B107: Nombre total de sacs poubelle | C107: 210 | D107: 198 | E107: 237 | F107: 273 | G107: =SUM(C107:F107) -> 918
B108: Proportion de sacs poubelle non triés | C108: =C$106/C$107 -> 0.72857143 | D108: =D$106/D$107 -> 0.54040404 | E108: =E$106/E$107 -> 0.57805907 | F108: =F$106/F$107 -> 0.52014652 | G108: =G$106/G$107 -> 0.58714597
B111: Tri des déchets (2020)
C112: Janvier-Février-Mars | D112: Avril-Mai-Juin | E112: Juillet-Août-Septembre | F112: Octobre-Novembre-Décembre | G112: TOTAL
B113: Nombre de sacs poubelle non triés | C113: 70 | D113: 65 | E113: 68 | F113: 90 | G113: =SUM(C113:F113) -> 293
B114: Nombre total de sacs poubelle | C114: 184 | D114: 179 | E114: 200 | F114: 245 | G114: =SUM(C114:F114) -> 808
B115: Proportion de sacs poubelle non triés | C115: =C$113/C$114 -> 0.38043478 | D115: =D$113/D$114 -> 0.36312849 | E115: =E$113/E$114 -> 0.34 | F115: =F$113/F$114 -> 0.36734694 | G115: =G$113/G$114 -> 0.36262376
B118: Tri des déchets/an
C119: 2016 | D119: 2017 | E119: 2018 | F119: 2019 | G119: 2020
B120: Nombre de sacs poubelle non triés | C120: =G85 -> 293 | D120: =G92 -> 342 | E120: =G99 -> 374 | F120: =G106 -> 539 | G120: =G113 -> 293
B121: Proportion de sacs poubelle non triés | C121: =G87 -> 0.46955128 | D121: =G94 -> 0.45238095 | E121: =G101 -> 0.46287129 | F121: =G108 -> 0.58714597 | G121: =G115 -> 0.36262376
